 Dungeon Crawl Stone Soup version 0.30.1-11-g7821555f0a (webtiles) character file.

Game seed: 10465563911836765908

2727096 jfcaron the Archmage (level 27, 197/197 HPs)
             Began as a Djinni Fighter on Dec 16, 2023.
             Was the Champion of Jiyva.
             Escaped with the Orb
             ... and 4 runes on Dec 20, 2023!
             The game lasted 04:54:24 (55699 turns).

jfcaron the Archmage (Djinni Fighter)              Turns: 55699, Time: 04:54:24

Health: 197/197    AC: 29    Str: 15    XL:     27
Gold:   1487       EV: 34    Int: 20    God:    Jiyva [******] SH: 20 Dex: 24

rFire   + + .        b - +7 demon blade (heavy)
rCold   + . .        f - +5 Storm Queen's Shield {shock, Fly rElec}
rNeg    + . .        s - +3 ring mail of the Hart {rC++ Will+++ Int-2 Stlth-}
rPois   ∞            e - +2 helmet {SInv}
rElec   +            Q - +3 cloak of Guetare {+Blink Will+}
rCorr   +            Y - +3 pair of gauntlets of War {Slay+5}
SInv    +            (boots unavailable)
Will    +++++        B - amulet of the acrobat
Stlth   +            J - ring of Pototuk {Contam rElec rN+ rCorr Int+6 Dex+3}
HPRegen 2.12/turn    G - ring of the Hare {EV+10}
MPRegen 0.00/turn

%: acrobat, clarity
@: flying
A: sickness immunity, fire resistance 2, cold vulnerability 1, float, innate
caster, HP casting, extra vitality 1, claws 2, iridescent scales 2, clarity,
frail 1, mutation resistance 1, shaggy fur 1, eyeballs 3, tendrils, jelly
sensing items, jelly absorbing missiles, inability to drink after injury 2
0: Orb of Zot
}: 4/15 runes: decaying, serpentine, slimy, silver
a: Renounce Religion, Evoke Blink, Oozemancy, Slimify


You escaped.
You worshipped Jiyva.
Jiyva was exalted by your worship.
You visited 12 branches of the dungeon, and saw 56 of its levels.
You also visited: Sewer, Ossuary, Gauntlet, Ice Cave, Wizlab and Desolation.

You collected 6586 gold pieces.
You spent 5099 gold pieces at shops.

Inventory:

Hand Weapons
 a - a +9 vampiric demon blade
   (You found it in the Desolation of Salt)
 b - a +7 heavy demon blade (weapon)
   (You took it off a hell knight on level 4 of the Depths)
Missiles
 o - 2 silver javelins {!f}
 q - 14 curare-tipped darts {!f}
 H - a throwing net {!f}
 R - 3 boomerangs of dispersal {!f}
Armour
 e - a +2 helmet of see invisible (worn)
   (You found it in the Desolation of Salt)
 f - the +5 Storm Queen's Shield (worn) {shock, Fly rElec}
   (You bought it in a shop on level 2 of the Vaults)

   Shock:     When it blocks an attack, it may electrocute the attacker.
   This works even against foes who are a short distance away.
   rElec:     It insulates you from electricity.
   Fly:       It grants you flight.
 s - the +3 ring mail of the Hart (worn) {rC++ Will+++ Int-2 Stlth-}
   (You found it on level 5 of the Pits of Slime)

   Int:       It affects your intelligence (-2).
   rC:        It greatly protects you from cold.
   Will:      It greatly increases your willpower.
   Stlth:     It makes you less stealthy.
 Q - the +3 cloak of Guetare (worn) {+Blink Will+}
   (You found it on level 5 of the Lair of Beasts)

   +Blink:    It lets you blink.
   Will:      It increases your willpower.
 Y - the +3 pair of gauntlets of War (worn) {Slay+5}
   (You found it in the Desolation of Salt)

   Slay:      It affects your accuracy & damage with ranged weapons and melee
   (+5).
Jewellery
 B - an amulet of the acrobat (around neck)
   (You found it on level 1 of the Snake Pit)
 G - the ring of the Hare (right hand) {EV+10}
   (You took it off an ironbound convoker on level 5 of the Vaults)

   [ring of evasion]

   EV:        It affects your evasion (+10).
 J - the ring of Pototuk (left hand) {Contam rElec rN+ rCorr Int+6 Dex+3}
   (You found it on level 2 of the Swamp)

   [ring of intelligence]

   Int:       It affects your intelligence (+6).
   Dex:       It affects your dexterity (+3).
   rElec:     It insulates you from electricity.
   rN:        It protects you from negative energy.
   Contam:    It causes magical contamination when unequipped.
   rCorr:     It protects you from acid and corrosion.
Wands
 m - a wand of flame (5)
 r - a wand of mindburst (28)
   (You found it on level 2 of the Elven Halls)
 y - a wand of paralysis (33)
   (You found it on level 5 of the Dungeon)
 A - a wand of digging (1)
 W - a wand of iceblast (25)
   (You found it on level 2 of the Snake Pit)
Scrolls
 c - 5 scrolls of immolation
 k - 19 scrolls of teleportation
 n - 5 scrolls of enchant armour
 u - 4 scrolls of fog
 w - 11 scrolls of poison
 x - 6 scrolls of fear
 z - 3 scrolls of silence
 E - 7 scrolls of blinking
 I - a scroll of brand weapon
 O - 7 scrolls of vulnerability
 P - 3 scrolls of butterflies
Potions
 d - 5 potions of might
 g - 4 potions of invisibility
 h - 17 potions of curing
 j - 3 potions of haste
 p - 3 potions of mutation
 t - 4 potions of resistance
 v - 5 potions of cancellation
 D - 3 potions of ambrosia
 F - 6 potions of lignification
 S - 5 potions of brilliance
Miscellaneous
 i - a box of beasts (inert)
   (You found it in the Desolation of Salt)
 l - a condenser vane
   (You found it on level 4 of the Lair of Beasts)
 C - the horn of Geryon (inert)
   (You took it off Geryon in the Vestibule of Hell)
 L - a lightning rod (4/4)
   (You found it on level 14 of the Dungeon)
 T - a phial of floods
   (You found it in a Gauntlet)
 U - a phantom mirror (inert)
   (You found it in a Gauntlet)


   Skills:
 * Level 24.3 Fighting
 - Level 14.0 Long Blades
 - Level 15.0 Armour
 + Level 18.0 Dodging
 - Level 5.0 Stealth
 - Level 15.0 Shields
 O Level 27 Spellcasting
 - Level 10.0 Evocations


You knew the following spells:

 Your Spells              Type           Power      Damage    Failure   Level
a - Sting                 Tmut/Pois      100%       1d8       0%          1
b - Call Imp              Summ           100%       N/A       0%          2
c - Ensorcelled Hibernat  Hex/Ice        100%       N/A       0%          2
d - Frozen Ramparts       Ice            100%       1d16      0%          3
e - Ice Form              Ice/Tmut       94%        N/A       0%          4
f - Arcjolt               Conj/Air       47%        1d57      0%          5
g - Summon Cactus Giant   Summ           47%        N/A       0%          6
h - Enfeeble              Hex            47%        N/A       1%          7
i - Plasma Beam           Fire/Air       47%        2x1d67    0%          6
j - Spellforged Servitor  Conj/Summ      47%        N/A       1%          7
k - Disjunction           Tloc           47%        N/A       1%          8
l - Dragon's Call         Summ           47%        N/A       5%          9
m - Polar Vortex          Ice            47%        N/A       5%          9
Your spell library was empty.

Dungeon Overview and Level Annotations

Branches:
Dungeon (15/15)            Temple (0/1) D:5            Lair (5/5) D:9
  Swamp (4/4) Lair:2        Snake (4/4) Lair:3        Slime (5/5) Lair:4
    Orc (2/2) D:12            Elf (3/3) Orc:2        Vaults (5/5) D:13
  Crypt (3/3) Vaults:2       Tomb (0/3) Crypt:3      Depths (4/4) D:15
   Hell (visited)             Dis (0/7) Hell            Geh (0/7) Hell
    Coc (0/7) Hell            Tar (0/7) Hell            Zot (5/5) Depths:4
  Sewer (visited)         Ossuary (visited)           IceCv (visited)
 WizLab (visited)         Desolation (visited)      Gauntlet (visited)

Altars:
Ashenzari
Cheibriados
Dithmenos
Elyvilon
Hepliaklqana
Makhleb
Okawaru
Qazlal
Wu Jian
Yredelemnul
Zin
The Shining One
Jiyva
Lugonu

Shops:
D:6 !   D:8 (   Orc:1 =   Orc:2 [(:*(   Elf:1 *?*   Vaults:2 **[[   Vaults:4 [
Depths:4 =:=*

Portals:
Hell: Depths:1 Depths:2 Depths:3 Depths:4
Abyss: D:10 Lair:5 Depths:1 Depths:3 Depths:4
Pandemonium: Depths:2 Depths:3
Ziggurat: Depths:2

Annotations:
Slime:5 Royal Jelly


Innate Abilities, Weirdness & Mutations

You are immune to sickness and miasma.
You are immune to poison.
Your flesh is very heat resistant. (rF++)
You are vulnerable to cold. (rC-)
You float through the air rather than walking.
You learn spells naturally, not from books.
Your magical power is your life essence.
You have superior vitality. (+4 MHP)
You have very sharp fingernails.
You are mostly covered in iridescent scales. (AC +4)
You possess an exceptional clarity of mind.
You are frail. (-10% HP)
You are somewhat resistant to further mutation.
You are covered in fur. (AC +1)
Your body is covered in eyes which may confuse attackers. (Acc +7, SInv)
You are covered in slimy tendrils that may disarm your opponents.
You have a small jelly attached to you that senses nearby items.
You have a small jelly attached to you that may absorb projectiles.
You sometimes lose the ability to drink potions when taking damage.


Message History

(D) Dungeon (T) Temple (L) Lair (S) Swamp (P) Snake Pit (M) Slime Pits (O) Orcish Mines (E) Elven Halls (V) Vaults (C) Crypt (W) Tomb (U) Depths (H) Hell (I) Dis (G) Gehenna (X) Cocytus (Y) Tartarus (Z) Zot
Where to? (Enter - D:1 @ (x,y), ? - help)
An Orb Guardian comes into view.
You chop the Orb Guardian into pieces!!!
The Orb Guardian is severely wounded.
You block the Orb Guardian's attack.
You open the Orb Guardian like a pillowcase!!!
You kill the Orb Guardian!
No target in view!
(D) Dungeon (T) Temple (L) Lair (S) Swamp (P) Snake Pit (M) Slime Pits (O) Orcish Mines (E) Elven Halls (V) Vaults (C) Crypt (W) Tomb (U) Depths (H) Hell (I) Dis (G) Gehenna (X) Cocytus (Y) Tartarus (Z) Zot
Where to? (Enter - D:1 @ (x,y), ? - help)
There is a dry fountain, spattered with blood here.
There is a staircase leading out of the dungeon here.
Okay, then.
You open the lid... ...and a juvenile shockfire beast leaps out!
The box is emptied!
You produce a hideous howling noise!
Aiming: Phantom Mirror
Press: ? - help, Dir - move target, f - you Sorry, you can't target yourself.
Okay, then.
Aiming: Phantom Mirror
Press: ? - help, Dir - move target, f - hell beast
Aim: a hell beast (summoned, friendly)
You reflect your hell beast with the mirror!
The mirror clouds!
As you read the scroll of butterflies, it crumbles to dust.
You hear the flapping of tiny wings.
Your hell beast is knocked back by the sudden gust. x3
Your juvenile shockfire beast is knocked back by the sudden gust.
You have escaped!

.....# #........######.#### #..
.###.# #.###.##.# #.# #.# .....#
#.# #.##.# ##'## #.# .#####
#.###.##.# ##...## #.# .#
#.....##.# ##.....## #.# .##
#..##.##.###.......###.#
..########..########.........##..
.............#bbbbb#.........')..
..########...#bb@Hb#.........####
.#### ##.##b2b2b##.......## #
....# #..#bbbbb###.....## ###.#
##.#bb2b⌠####...## #.#
#.######b####'## #.# #.#######.#
#.# #.# ##.[..##.## #.########
###.# #)##..#.# ##.##...... .##.#
#.##...####...#.####.


You could see 3 friendly hell beasts and a friendly juvenile shockfire beast
(summoned).

Vanquished Creatures
  7 dread liches
  10 ancient liches
  6 orbs of fire
  2 juggernauts
  The ghost of Susch the Crack Shot, a legendary MfGl of the Shining One (Depths:1)
  The ghost of Xenat the Impregnable, a veteran MiGl of Hepliaklqana (Crypt:2)
  Margery (Vaults:5)
  4 Killer Klowns (Zot:5)
  Vashnia (Snake:4)
  Bai Suzhen (Swamp:3)
  Saint Roka (Orc:2)
  Xtahua (Depths:3)
  3 curse toes
  Geryon (Hell)
  Nikola (Snake:3)
  the Enchantress (Depths:1)
  2 bone dragons
  11 golden dragons
  Jory (Crypt:3)
  17 tentacled monstrosities
  2 electric golems (Zot:5)
  4 doom hounds (Hell)
  Jorgrun (D:15)
  A Hell Sentinel (D:2)
  9 liches
  Asterion (Depths:2)
  28 Orb Guardians
  Mlioglotl (Swamp:2)
  3 deep elf blademasters (Elf:3)
  3 deep elf master archers (Elf:3)
  A walking divine tome (Depths:2)
  4 titans
  Murray (Hell)
  9 quicksilver dragons
  9 death cobs
  An eldritch tentacle (Vaults:4)
  5 ancient champions
  4 sphinxes
  A thorn hunter (Swamp:4)
  A rockslime (Depths:1)
  Donald (Crypt:2)
  15 storm dragons
  13 shadow dragons
  3 tengu reavers
  11 draconian monks
  An azure jelly (Depths:1)
  4 revenants
  10 frost giants
  11 fire giants
  3 iron dragons
  7 draconian knights
  4 nagarajas
  6 ghost moths
  11 vault wardens
  9 deep elf sorcerers
  3 imperial myrmidons (Desolation)
  7 draconian scorchers
  A balrug (Depths:4)
  6 ghouls
  3 curse skulls (Crypt:2)
  Aizul (Vaults:1)
  6 draconian stormcallers
  9 draconian shifters
  A cacodemon (Hell)
  The ghost of Jauraipp the Eclecticist, a journeyman MeEE of Kikubaaqudgha (Swamp:2)
  3 spriggan defenders (Depths:1)
  16 ironbound preservers
  7 deep elf elementalists (Elf:3)
  An orc warlord (Vaults:3)
  3 war gargoyles
  13 draconian annihilators
  5 reapers
  A juggernaut skeleton (Vaults:4)
  9 very ugly things
  Nessos (Lair:3)
  11 stone giants
  8 deep elf demonologists
  7 ironbound thunderhulks
  A lorocyproca (Zot:4)
  20 vampire knights
  12 black draconians
  17 green draconians
  3 demonspawn black suns (Zot:4)
  12 deep elf annihilators (Elf:3)
  The ghost of bairyn the Severer, a journeyman MiFi of Makhleb (D:13)
  2 bunyips
  10 dire elephants
  A minotaur (Gauntlet)
  28 purple draconians
  21 yellow draconians
  18 red draconians
  2 halazid warlocks (Desolation)
  6 eleionomae
  6 spark wasps
  Azrael (Orc:2)
  14 ettins
  13 white draconians
  A blizzard demon (Hell)
  3 shambling mangroves
  16 jiangshi
  9 fire dragons
  3 deep elf death magi
  5 yaktaur captains
  8 eidola
  A crystal guardian (Desolation)
  2 entropy weavers
  9 deep elf high priests
  34 vault guards
  5 ragged hierophants (Desolation)
  7 great orbs of eyes
  A spectral fenstrider witch (Crypt:2)
  8 ice dragons
  2 spectral spriggans (Crypt:2)
  2 spriggan zombies
  6 rakshasas
  7 servants of whispers (Desolation)
  3 salamander tyrants
  3 hell beasts
  5 spriggan air magi
  3 ghost crabs (Vaults:4)
  7 catoblepae
  6 peacekeepers
  The ghost of leoleoleoleo212121 the Executioner, a journeyman MiBe of Trog (D:11)
  24 hydras
  7 anacondas
  A caustic shrike simulacrum (Crypt:2)
  8 ironbound frosthearts
  5 ogre magi
  A spectral stone giant (Crypt:2)
  2 death knights (D:13)
  12 boulder beetles
  15 naga warriors
  30 dancing weapons
  A centaur warrior (Vaults:1)
  13 alligators
  15 two-headed ogres
  13 vampire magi
  4 hell hogs
  5 death yaks (Lair:3)
  12 naga sharpshooters
  A titan zombie (Crypt:3)
  15 sun demons
  3 thrashing horrors (Lair:5)
  7 deep troll earth magi
  7 tengu warriors
  4 deep troll shamans
  8 spriggan berserkers
  A spectral dire elephant (Crypt:2)
  2 orc high priests
  The ghost of Skeebo the Thaumaturge, a journeyman DEEE of Sif Muna (D:10)
  7 soul eaters
  5 storm dragon zombies (Crypt:3)
  6 shock serpents
  22 hell knights
  A fire crab (Gauntlet)
  Lodul (D:14)
  3 shadow wraiths
  2 skysharks
  A death drake (Swamp:4)
  8 salamander mystics
  A storm dragon skeleton (Vaults:4)
  40 deep trolls
  21 skeletal warriors
  Amaemon (Lair:2)
  16 deep elf knights
  A glowing orange brain (Depths:3)
  6 iron trolls
  A deep troll (shapeshifter) (Vaults:5)
  2 goliath frogs (Swamp:1)
  A sixfirhy (Hell)
  2 spriggan druids
  3 golden dragon zombies (Crypt:3)
  16 swamp dragons
  A swamp dragon (shapeshifter) (Vaults:4)
  8 naga ritualists
  4 flayed ghosts
  3 bog bodies
  13 sea snakes
  20 deep elf zephyrmancers
  3 quicksilver dragon simulacra
  A shadow demon (Depths:3)
  A tengu zombie (Vaults:3)
  12 wizards
  A large abomination (Lair:5)
  13 ironbound convokers
  7 lindwurms
  26 necromancers
  7 deep elf archers
  25 salamanders
  9 phantasmal warriors
  A manticore (D:13)
  31 deep elf pyromancers
  12 mana vipers
  8 harpies (Vaults:3)
  10 orc knights
  6 orc sorcerers
  31 ugly things
  A tengu skeleton (Vaults:4)
  A stone giant zombie (Hell)
  A spectral centaur (D:13)
  4 will-o-the-wisps
  33 moths of wrath
  A sphinx skeleton (Crypt:3)
  3 cyclopes
  A toenail golem (D:10)
  A naga zombie (Crypt:3)
  A rust devil (Hell)
  Maurice (D:9)
  A nameless horror (D:14)
  2 stone giant skeletons
  44 black mambas
  A human skeleton (Vaults:3)
  7 guardian serpents
  An eye of devastation (Lair:4)
  9 molten gargoyles
  29 vault sentinels
  21 naga magi
  A water nymph (shapeshifter) (Vaults:5)
  An elephant slug zombie (Crypt:3)
  2 cane toads
  3 gargoyles
  24 elephants
  3 ice statues
  A cane toad (shapeshifter) (D:14)
  13 smoke demons
  2 torpor snails
  A storm dragon simulacrum (Vaults:4)
  29 yaktaurs
  2 orange demons
  3 unseen horrors
  A spectral redback (D:13)
  A shock serpent skeleton (Crypt:3)
  2 kobold demonologists
  2 redback zombies (Crypt:1)
  5 rime drakes
  A bunyip simulacrum (Crypt:2)
  9 freezing wraiths
  An efreet (D:13)
  3 minotaur zombies
  9 ice devils
  6 komodo dragons
  19 tengu conjurers
  An anaconda simulacrum (IceCv)
  A hellion (Hell)
  A white draconian zombie (Crypt:2)
  A sea snake skeleton (Crypt:2)
  6 trolls
  A swamp worm zombie (Crypt:1)
  A spectral harpy (Crypt:2)
  A hydra zombie (Crypt:2)
  2 ancient zymes (Lair:5)
  A red devil (Depths:3)
  A harpy zombie (Crypt:3)
  2 queen bees (shapeshifter)
  2 floating eyes
  2 polar bears
  19 slime creatures
  33 saltlings (Desolation)
  A tengu simulacrum (Vaults:4)
  4 meliai
  11 hornets
  4 bloated husks
  4 tyrant leeches
  25 blink frogs
  A deep troll zombie (Vaults:3)
  A harpy skeleton (Hell)
  A shadow dragon simulacrum (Vaults:5)
  7 dream sheep (Lair:3)
  An iron dragon simulacrum (Crypt:2)
  A great orb of eyes zombie (Crypt:3)
  A black mamba zombie (Crypt:3)
  An ettin zombie (Crypt:3)
  3 jumping spiders (Vaults:4)
  2 stone giant simulacra
  2 ettin skeletons
  21 vampires
  17 spriggans
  10 water elementals
  6 wraiths
  6 wyverns
  A wind drake zombie (Crypt:2)
  56 yaks
  3 shadows
  2 fire bats (Gauntlet)
  Grum (D:10)
  2 dire elephant simulacra (IceCv)
  9 fire elementals
  3 ynoxinuls
  6 basilisks
  A basilisk (shapeshifter) (D:13)
  A hog (shapeshifter) (D:15)
  2 humans (D:9)
  Menkaure (D:4)
  A neqoxec (D:15)
  3 redbacks
  A steam dragon (D:10)
  4 chaos spawn
  4 harpy simulacra
  13 vampire mosquitoes
  A spatial vortex (Vaults:4)
  3 wargs
  49 nagas
  4 hydra simulacra (IceCv)
  21 swamp worms
  An acid dragon (D:12)
  21 water moccasins
  A hell hound (Orc:2)
  A floating eye (shapeshifter) (Depths:2)
  A glowing shapeshifter skeleton (Vaults:5)
  33 orc warriors
  12 swamp drakes
  17 ice beasts
  A black mamba simulacrum (Hell)
  24 ogres
  12 small abominations
  4 black bears
  6 wolves
  4 centaurs
  10 kobold brigands
  5 gnoll sergeants
  4 scorpions
  10 bullfrogs
  4 necrophages
  A two-headed ogre simulacrum (IceCv)
  5 earth elementals
  8 wights
  2 elephant simulacra (IceCv)
  24 killer bees
  286 jellies
  13 howler monkeys
  A yak skeleton (Crypt:1)
  5 electric eels
  4 lava snakes (Lair:3)
  A human simulacrum (Vaults:4)
  26 orc priests
  A black bear zombie (Crypt:1)
  4 gnoll boudas
  7 hounds
  3 iguanas (D:6)
  34 orc wizards
  4 spriggan simulacra
  10 statues
  A deep dwarf zombie (Crypt:2)
  An acid dragon skeleton (Crypt:2)
  8 mummies (Ossuary)
  6 adders
  16 gnolls
  A naga simulacrum (IceCv)
  A river rat (Sewer)
  A shadow imp (Gauntlet)
  5 white imps
  An ufetubus (D:6)
  6 worms
  76 orcs
  6 bats
  A bat zombie (Crypt:1)
  6 endoplasms
  3 giant cockroaches
  5 hobgoblins
  3 quokkas
  11 ball pythons
  3 frilled lizards
  2 gnoll zombies (Ossuary)
  8 goblins
  A goblin skeleton (Crypt:1)
  A goblin zombie (D:8)
  A hobgoblin skeleton (Crypt:2)
  4 hobgoblin zombies (Ossuary)
  A jackal skeleton (Crypt:3)
  28 kobolds
  A kobold zombie (Ossuary)
  An orc skeleton (Crypt:1)
  An orc zombie (Ossuary)
  A quokka zombie (D:8)
  12 rats
  A rat zombie (Crypt:3)
  A butterfly (Depths:3)
  19 foxfires
2934 creatures vanquished.

Notes
Turn   | Place    | Note
-------+----------+-------------------------------------------
     0 | D:1      | jfcaron the Djinni Fighter began the quest for the Orb.
     0 | D:1      | Reached XP level 1. HP: 20/20 MP: 0/0
   120 | D:1      | Reached XP level 2. HP: 25/25 MP: 0/0
   599 | D:1      | Reached XP level 3. HP: 30/30 MP: 0/0
   599 | D:1      | Learned a level 1 spell: Sting
  1191 | D:2      | Found a shadowy altar of Dithmenos.
  1334 | D:2      | Found a faded altar of an unknown god.
  1342 | D:2      | Prayed at the altar of an unknown god.
  1342 | D:2      | Became a worshipper of Jiyva Jomahucs the Shapeless
  1342 | D:2      | Reached * piety under Jiyva
  1760 | D:2      | Reached skill level 1 in Dodging
  1943 | D:2      | Reached ** piety under Jiyva
  2011 | D:3      | Identified a scroll of acquirement
  2011 | D:3      | Acquired a manual of Dodging
  2046 | D:3      | Reached XP level 4. HP: 35/35 MP: 0/0
  2286 | D:3      | Noticed a water moccasin
  2297 | D:3      | Killed a water moccasin
  2298 | D:3      | Reached XP level 5. HP: 40/40 MP: 0/0
  2298 | D:3      | Learned a level 2 spell: Call Imp
  2529 | D:3      | Reached *** piety under Jiyva
  2934 | D:4      | Gained mutation: You are strong-willed. (Will+) [Jiyva's
                  | grace]
  2934 | D:4      | Gained mutation: You are highly strong-willed. (Will++)
                  | [Jiyva's grace]
  2934 | D:4      | Gained mutation: You are extremely strong-willed. (Will+++)
                  | [Jiyva's grace]
  2934 | D:4      | Gained mutation: Your melee attacks may engulf your foes in
                  | ooze. [Jiyva's grace]
  3000 | D:4      | Found a glowing drain.
  3009 | Sewer    | Entered a sewer
  3016 | Sewer    | Reached XP level 6. HP: 39/47 MP: 0/0
  3066 | Sewer    | Reached **** piety under Jiyva
  3178 | Sewer    | Reached XP level 7. HP: 51/51 MP: 0/0
  3178 | Sewer    | Learned a level 2 spell: Ensorcelled Hibernation
  3433 | D:4      | Noticed Menkaure
  3436 | D:4      | Killed Menkaure
  3694 | D:5      | Entered Level 5 of the Dungeon
  3765 | D:5      | Found a staircase to the Ecumenical Temple.
  3910 | D:5      | Found a snail-covered altar of Cheibriados.
  3920 | D:5      | Reached skill level 5 in Dodging
  3920 | D:5      | Reached XP level 8. HP: 53/58 MP: 0/0
  4035 | D:5      | Reached skill level 5 in Long Blades
  4562 | D:6      | Found Kashry's Distillery.
  4587 | D:6      | Bought a potion of heal wounds for 65 gold pieces
  4587 | D:6      | Bought a potion of curing for 39 gold pieces
  4587 | D:6      | Bought a potion of degeneration for 13 gold pieces
  4607 | D:6      | Found a glowing silver altar of Zin.
  4617 | D:6      | You are sucked into a shaft and drop 3 floors!
  4639 | D:8      | Reached skill level 5 in Fighting
  4639 | D:8      | Reached skill level 5 in Armour
  4639 | D:8      | Reached skill level 5 in Shields
  4641 | D:8      | Reached XP level 9. HP: 63/65 MP: 0/0
  4641 | D:8      | Learned a level 3 spell: Frozen Ramparts
  4648 | D:8      | Found Xexki's Weapon Shoppe.
  4691 | D:8      | Gained mutation: You have a small jelly attached to you
                  | that may absorb projectiles. [Jiyva's grace]
  4691 | D:8      | Gained mutation: You are resistant to electric shocks.
                  | (rElec) [Jiyva's grace]
  4691 | D:8      | Gained mutation: You have hidden genetic potential.
                  | [Jiyva's grace]
  4691 | D:8      | Gained mutation: You have great hidden genetic potential.
                  | [Jiyva's grace]
  4691 | D:8      | Noticed a two-headed ogre
  4701 | D:8      | Killed a two-headed ogre
  4793 | D:8      | Reached XP level 10. HP: 66/72 MP: 0/0
  4810 | D:8      | Found a glowing golden altar of the Shining One.
  4818 | D:8      | Found a sand-covered staircase.
  4836 | Ossuary  | Entered an ossuary
  4894 | Ossuary  | Gained mutation: Your muscles are strong. (Str +4, Int/Dex
                  | -1) [hidden potential]
  5193 | D:8      | HP: 10/72 [troll (9)]
  6060 | D:6      | HP: 8/73 [something (28)]
  6374 | D:6      | Reached ***** piety under Jiyva
  6595 | D:6      | Lost mutation: You are extremely strong-willed. (Will+++)
                  | [Jiyva's grace]
  6595 | D:6      | Lost mutation: You are highly strong-willed. (Will++)
                  | [Jiyva's grace]
  6595 | D:6      | Lost mutation: You are resistant to electric shocks.
                  | (rElec) [Jiyva's grace]
  6595 | D:6      | Lost mutation: You have a small jelly attached to you that
                  | may absorb projectiles. [Jiyva's grace]
  6595 | D:6      | Lost mutation: Your melee attacks may engulf your foes in
                  | ooze. [Jiyva's grace]
  6595 | D:6      | Gained mutation: Armour fits poorly on your pseudopods.
                  | [Jiyva's grace]
  6595 | D:6      | Gained mutation: Armour fits poorly on your large
                  | pseudopods. [Jiyva's grace]
  6595 | D:6      | Gained mutation: Armour fits poorly on your massive
                  | pseudopods. [Jiyva's grace]
  6595 | D:6      | Gained mutation: Your translucent skin slightly reduces
                  | your foes' accuracy. (Stealth+) [Jiyva's grace]
  6813 | D:8      | HP: 14/73 [orc priest/divine providence (16)]
  7027 | D:8      | Identified the +1 long sword "Qacon" {drain, *Corrode MP-9
                  | Dex+8 SInv}
  7235 | D:8      | Reached XP level 11. HP: 74/79 MP: 0/0
  7235 | D:8      | Learned a level 4 spell: Ice Form
  7274 | D:8      | Gained mutation: You are partially covered in iridescent
                  | scales. (AC +2) [hidden potential]
  7274 | D:8      | Lost mutation: You have great hidden genetic potential.
                  | [hidden potential expressed]
  7526 | D:9      | Noticed a two-headed ogre
  7536 | D:9      | Killed a two-headed ogre
  7537 | D:9      | Reached skill level 10 in Dodging
  7566 | D:9      | Found a staircase to the Lair.
  7633 | D:9      | Found a white marble altar of Elyvilon.
  7634 | D:9      | Found an ornate altar of the Wu Jian Council.
  7908 | D:9      | Noticed Maurice
  7919 | D:9      | Killed Maurice
  7939 | D:9      | Found an iron altar of Okawaru.
  8111 | D:9      | Found a hazy altar of Hepliaklqana.
  8403 | D:10     | Entered Level 10 of the Dungeon
  8415 | D:10     | Noticed Grum
  8423 | D:10     | Killed Grum
  8514 | D:10     | Identified the ring "Takao" {Str+6 Dex+3}
  8543 | D:10     | Found a stormy altar of Qazlal.
  8626 | D:10     | Found a transporter.
  8626 | D:10     | Noticed a wizard
  8626 | D:10     | Noticed a toenail golem
  8627 | D:10     | Lost mutation: You are strong-willed. (Will+) [Jiyva's
                  | grace]
  8627 | D:10     | Gained mutation: You are covered in slimy tendrils that may
                  | disarm your opponents. [Jiyva's grace]
  8627 | D:10     | Gained mutation: You are mostly covered in iridescent
                  | scales. (AC +4) [Jiyva's grace]
  8627 | D:10     | Gained mutation: You are completely covered in iridescent
                  | scales. (AC +6) [Jiyva's grace]
  8627 | D:10     | Gained mutation: You have a pair of small horns on your
                  | head. [Jiyva's grace]
  8668 | D:10     | Found a one-way gate to the infinite horrors of the Abyss.
  8668 | D:10     | Noticed Skeebo's ghost (journeyman DEEE)
  8677 | D:10     | Noticed a rakshasa
  8682 | D:10     | Found a transporter.
  8705 | D:10     | Noticed a two-headed ogre
  8708 | D:10     | Killed a two-headed ogre
  8726 | D:10     | Found a basalt altar of Yredelemnul.
  8841 | D:10     | Reached XP level 12. HP: 86/86 MP: 0/0
  8846 | D:10     | Reached skill level 10 in Long Blades
  8926 | D:10     | Identified the +4 chain mail "Saocuchef" {Str+2}
  8955 | D:10     | Gained mutation: Your natural rate of healing is unusually
                  | fast. [hidden potential]
  9241 | Lair:1   | Entered Level 1 of the Lair of Beasts
  9309 | Lair:1   | Found a transporter.
  9310 | Lair:1   | Found a transporter.
  9310 | Lair:1   | Noticed a boulder beetle
  9379 | Lair:1   | Noticed a catoblepas
  9396 | Lair:1   | Killed a catoblepas
  9434 | Lair:1   | Reached ****** piety under Jiyva
  9474 | Lair:1   | Noticed a catoblepas
  9496 | Lair:1   | Killed a catoblepas
  9744 | Lair:1   | Lost mutation: You are completely covered in iridescent
                  | scales. (AC +6) [Jiyva's grace]
  9744 | Lair:1   | Lost mutation: You are covered in slimy tendrils that may
                  | disarm your opponents. [Jiyva's grace]
  9744 | Lair:1   | Gained mutation: You are agile. (Dex +4, Str/Int -1)
                  | [Jiyva's grace]
  9744 | Lair:1   | Gained mutation: You are very agile. (Dex +8, Str/Int -2)
                  | [Jiyva's grace]
  9744 | Lair:1   | Gained mutation: You have a small jelly attached to you
                  | that may absorb projectiles. [Jiyva's grace]
  9744 | Lair:1   | Gained mutation: You expend health (3 HP) to strengthen
                  | your wands. [Jiyva's grace]
 10013 | Lair:2   | Found a gate leading to a gauntlet.
 10013 | Lair:2   | Noticed Amaemon
 10044 | Gauntlet | Entered a Gauntlet
 10044 | Gauntlet | Found a transporter.
 10044 | Gauntlet | Found a transporter.
 10045 | Gauntlet | Found a transporter.
 10045 | Gauntlet | Found a transporter.
 10048 | Gauntlet | Found a transporter.
 10051 | Gauntlet | Found a transporter.
 10055 | Gauntlet | Noticed a soul eater
 10056 | Gauntlet | Noticed a fire crab
 10060 | Gauntlet | Found a transporter.
 10060 | Gauntlet | Found the dreamshard necklace {*Dream Drain}
 10064 | Gauntlet | Found a transporter.
 10073 | Gauntlet | Found a transporter.
 10073 | Gauntlet | Found a transporter.
 10074 | Gauntlet | Found a transporter.
 10079 | Gauntlet | Found a transporter.
 10084 | Gauntlet | Noticed a catoblepas
 10166 | Gauntlet | Killed a fire crab
 10178 | Gauntlet | Identified the +7 longbow of Cheese {drain, rPois rF-
                  | Str+6}
 10202 | Gauntlet | Identified the +0 helmet of Benevolence {Drain rElec rPois
                  | rC+}
 10209 | Gauntlet | Killed a catoblepas
 10228 | Gauntlet | Identified the staff of earth "Hura" {Contam rC+ Dex+4}
 10228 | Gauntlet | Noticed a minotaur
 10233 | Gauntlet | Killed a minotaur
 10237 | Gauntlet | Reached XP level 13. HP: 82/94 MP: 0/0
 10237 | Gauntlet | Learned a level 5 spell: Arcjolt
 10244 | Gauntlet | Got the Compilation of Quantum Moulding
 10278 | Lair:2   | Killed Amaemon
 10300 | Lair:2   | Gained mutation: You possess an exceptional clarity of
                  | mind. [hidden potential]
 10300 | Lair:2   | Lost mutation: You have hidden genetic potential. [hidden
                  | potential expressed]
 10333 | Lair:2   | Found a staircase to the Swamp.
 10796 | Lair:3   | Noticed Nessos
 10843 | Lair:3   | Killed Nessos
 10947 | Lair:3   | Reached skill level 10 in Fighting
 10947 | Lair:3   | Reached skill level 10 in Shields
 10956 | Lair:3   | Reached skill level 10 in Armour
 10994 | Lair:3   | Noticed a catoblepas
 11016 | Lair:3   | Found a runed translucent door.
 11078 | Lair:3   | Lost mutation: You are very agile. (Dex +8, Str/Int -2)
                  | [Jiyva's grace]
 11078 | Lair:3   | Lost mutation: You are agile. (Dex +4, Str/Int -1) [Jiyva's
                  | grace]
 11078 | Lair:3   | Lost mutation: Your muscles are strong. (Str +4, Int/Dex
                  | -1) [Jiyva's grace]
 11078 | Lair:3   | Lost mutation: Armour fits poorly on your massive
                  | pseudopods. [Jiyva's grace]
 11078 | Lair:3   | Lost mutation: You have a small jelly attached to you that
                  | may absorb projectiles. [Jiyva's grace]
 11078 | Lair:3   | Gained mutation: You are completely covered in iridescent
                  | scales. (AC +6) [Jiyva's grace]
 11078 | Lair:3   | Gained mutation: You have very sharp teeth. [Jiyva's grace]
 11078 | Lair:3   | Gained mutation: You have extremely sharp teeth. [Jiyva's
                  | grace]
 11078 | Lair:3   | Gained mutation: You have razor-sharp teeth. [Jiyva's
                  | grace]
 11111 | Lair:3   | Found a staircase to the Snake Pit.
 11276 | Lair:3   | Found a stormy altar of Qazlal.
 11628 | Lair:3   | Reached XP level 14. HP: 103/103 MP: 0/0
 11662 | Lair:3   | Identified the staff of poison "Unuompamp" {rPois rF+ Will+
                  | Dex+2}
 11672 | Lair:3   | jfcaron: ??long blades
 11672 | Lair:3   | beem: long blades[1/3]: long blades[1/3]: falchion
                  | (+2/8/1.3/0.6), long sword (+1/10/1.4/0.7), scimitar
                  | (0/12/1.4/0.7), demon blade (-1/13/1.3/0.6), eudemon blade
                  | (-2/14/1.2/0.6), double sword (-1/15/1.5/0.7), great sword
                  | (-3/17/1.7/0.7) [2], triple sword (-4/19/1.9/0.7) [2]
 11794 | Lair:4   | Found a staircase to the Slime Pits.
 12373 | Slime:1  | Entered Level 1 of the Pits of Slime
 12373 | Slime:1  | Noticed an azure jelly
 12378 | Slime:1  | Noticed an acid blob
 12383 | Slime:2  | Noticed an acid blob
 12422 | Slime:3  | Noticed an acid blob
 12432 | Slime:5  | Entered Level 5 of the Pits of Slime
 12434 | Slime:5  | Noticed a rockslime
 12435 | Slime:5  | Noticed an azure jelly
 12457 | Slime:5  | Noticed a rockslime
 12460 | Slime:5  | Found a viscous altar of Jiyva.
 12460 | Slime:5  | Noticed an acid blob
 12460 | Slime:5  | Noticed an acid blob
 12461 | Slime:5  | Noticed an acid blob
 12462 | Slime:5  | Noticed an acid blob
 12464 | Slime:5  | Noticed a rockslime
 12465 | Slime:5  | Noticed an acid blob
 12466 | Slime:5  | Noticed the Royal Jelly
 12467 | Slime:5  | Noticed a rockslime
 12470 | Slime:5  | Noticed an acid blob
 12480 | Slime:5  | Identified the +3 ring mail of the Hart {rC++ Will+++ Int-2
                  | Stlth-}
 12483 | Slime:5  | Got a slimy rune of Zot
 12492 | Slime:5  | Identified the +9 hand axe of Isic {freeze, rPois rN+
                  | Stlth-}
 12502 | Slime:5  | Identified the +0 ring mail "Aplegof" {rC+ Dex+5}
 12514 | Slime:5  | Noticed a rockslime
 12548 | Slime:5  | Noticed an acid blob
 12600 | Slime:1  | Noticed a rockslime
 12664 | Lair:5   | Entered Level 5 of the Lair of Beasts
 12727 | Lair:5   | Reached skill level 1 in Spellcasting
 12785 | Lair:5   | Reached skill level 2 in Spellcasting
 12920 | Lair:5   | Reached skill level 15 in Dodging
 12920 | Lair:5   | Reached skill level 3 in Spellcasting
 12985 | Lair:5   | Identified the staff of poison "Liseff" {rPois SInv}
 13022 | Lair:5   | Reached skill level 4 in Spellcasting
 13085 | Lair:5   | Lost mutation: You have a pair of small horns on your head.
                  | [Jiyva's grace]
 13085 | Lair:5   | Lost mutation: Armour fits poorly on your large pseudopods.
                  | [Jiyva's grace]
 13085 | Lair:5   | Lost mutation: Your translucent skin slightly reduces your
                  | foes' accuracy. (Stealth+) [Jiyva's grace]
 13085 | Lair:5   | Lost mutation: You expend health (3 HP) to strengthen your
                  | wands. [Jiyva's grace]
 13085 | Lair:5   | Gained mutation: Your melee attacks may engulf your foes in
                  | ooze. [Jiyva's grace]
 13085 | Lair:5   | Gained mutation: You have acidic saliva. [Jiyva's grace]
 13085 | Lair:5   | Gained mutation: You expend health (3 HP) to strengthen
                  | your wands. [Jiyva's grace]
 13085 | Lair:5   | Gained mutation: You have a pair of small horns on your
                  | head. [Jiyva's grace]
 13133 | Lair:5   | Reached skill level 5 in Spellcasting
 13152 | Lair:5   | Identified the +5 leather armour of the Planets {Int+4}
 13231 | Lair:5   | Reached XP level 15. HP: 82/107 MP: 0/0
 13231 | Lair:5   | Learned a level 6 spell: Summon Cactus Giant
 13248 | Lair:5   | Identified the amulet "Haeblil" {RegenMP rC+ rCorr SInv}
 13252 | Lair:5   | Reached skill level 6 in Spellcasting
 13283 | Lair:5   | Found a corrupted altar of Lugonu.
 13566 | Lair:5   | Reached skill level 7 in Spellcasting
 13837 | Lair:5   | Identified the +3 cloak of Guetare {+Blink Will+}
 14051 | Lair:3   | Reached skill level 1 in Evocations
 14282 | D:11     | Reached skill level 8 in Spellcasting
 14363 | D:11     | Found a frozen archway.
 14380 | IceCv    | Entered an ice cave
 14783 | D:11     | Reached skill level 5 in Evocations
 14840 | D:11     | Found a transporter.
 14841 | D:11     | Noticed leoleoleoleo212121's ghost (journeyman MiBe)
 14914 | D:11     | Lost mutation: You are completely covered in iridescent
                  | scales. (AC +6) [Jiyva's grace]
 14914 | D:11     | Lost mutation: You have acidic saliva. [Jiyva's grace]
 14914 | D:11     | Lost mutation: Your melee attacks may engulf your foes in
                  | ooze. [Jiyva's grace]
 14914 | D:11     | Gained mutation: You have acidic saliva. [Jiyva's grace]
 14914 | D:11     | Gained mutation: Your rubbery body absorbs attacks. (AC +1,
                  | EV +1) [Jiyva's grace]
 14914 | D:11     | Gained mutation: Your pliable body absorbs attacks. (AC +2,
                  | EV +2) [Jiyva's grace]
 14914 | D:11     | Gained mutation: Your gelatinous body deflects attacks. (AC
                  | +3, EV +3) [Jiyva's grace]
 15022 | D:11     | Found a transporter.
 15286 | D:11     | Killed leoleoleoleo212121's ghost
 15287 | D:11     | Reached skill level 9 in Spellcasting
 15289 | D:11     | Identified the ring "Akamn" {*Slow rN+ rCorr SInv}
 15463 | D:12     | Reached XP level 16. HP: 113/113 MP: 0/0
 15526 | D:12     | Found a staircase to the Orcish Mines.
 16030 | Orc:1    | Entered Level 1 of the Orcish Mines
 16281 | Orc:2    | Entered Level 2 of the Orcish Mines
 16386 | Orc:2    | Noticed Azrael
 16389 | Orc:2    | Noticed Saint Roka
 16397 | Orc:2    | Reached skill level 10 in Spellcasting
 16402 | Orc:2    | Killed Azrael
 16416 | Orc:2    | Killed Saint Roka
 16535 | Orc:2    | Found Durac's Book Boutique.
 16553 | Orc:2    | Found Zocvuid's General Store.
 16569 | Orc:2    | Found Xaosapt's Antique Weapon Boutique.
 16591 | Orc:2    | Found Ditsoa's Antique Armour Boutique.
 16873 | Orc:2    | Found Cibainke's Weapon Emporium.
 16949 | Orc:2    | Found a burning altar of Makhleb.
 17080 | Orc:2    | Found a staircase to the Elven Halls.
 17127 | Orc:2    | Lost mutation: You have razor-sharp teeth. [Jiyva's grace]
 17127 | Orc:2    | Lost mutation: You are mostly covered in iridescent scales.
                  | (AC +4) [Jiyva's grace]
 17127 | Orc:2    | Lost mutation: You possess an exceptional clarity of mind.
                  | [Jiyva's grace]
 17127 | Orc:2    | Lost mutation: You have acidic saliva. [Jiyva's grace]
 17127 | Orc:2    | Gained mutation: Your mind is acute. (Int +4, Str/Dex -1)
                  | [Jiyva's grace]
 17127 | Orc:2    | Gained mutation: Your mind is very acute. (Int +8, Str/Dex
                  | -2) [Jiyva's grace]
 17127 | Orc:2    | Gained mutation: You are mostly covered in iridescent
                  | scales. (AC +4) [Jiyva's grace]
 17127 | Orc:2    | Gained mutation: You are completely covered in iridescent
                  | scales. (AC +6) [Jiyva's grace]
 17355 | Orc:1    | Found Sisuba's Jewellery Shoppe.
 17616 | Orc:2    | Bought a wand of acid (4) for 285 gold pieces
 17765 | D:6      | Bought 2 potions of haste for 260 gold pieces
 17765 | D:6      | Bought a potion of curing for 39 gold pieces
 17765 | D:6      | Bought a potion of curing for 39 gold pieces
 17765 | D:6      | Bought a potion of cancellation for 104 gold pieces
 17765 | D:6      | Bought a potion of brilliance for 52 gold pieces
 18008 | D:13     | Reached skill level 11 in Spellcasting
 18058 | D:13     | Found a gate to the Vaults.
 18115 | D:13     | Noticed bairyn's ghost (journeyman MiFi)
 18167 | D:13     | Found a transporter.
 18172 | D:13     | Found a transporter.
 18207 | D:13     | Killed bairyn's ghost
 18219 | D:13     | Reached skill level 12 in Spellcasting
 18670 | D:14     | Reached XP level 17. HP: 119/119 MP: 0/0
 18670 | D:14     | Learned a level 7 spell: Enfeeble
 18938 | D:14     | Noticed Lodul
 18946 | D:14     | Killed Lodul
 19053 | D:14     | Reached skill level 13 in Spellcasting
 19184 | D:15     | Entered Level 15 of the Dungeon
 19238 | D:15     | Noticed Jorgrun
 19251 | D:15     | Killed Jorgrun
 19533 | D:15     | Lost mutation: You are completely covered in iridescent
                  | scales. (AC +6) [Jiyva's grace]
 19533 | D:15     | Lost mutation: Armour fits poorly on your pseudopods.
                  | [Jiyva's grace]
 19533 | D:15     | Lost mutation: You expend health (3 HP) to strengthen your
                  | wands. [Jiyva's grace]
 19533 | D:15     | Gained mutation: Your muscles are strong. (Str +4, Int/Dex
                  | -1) [Jiyva's grace]
 19533 | D:15     | Gained mutation: Your muscles are very strong. (Str +8,
                  | Int/Dex -2) [Jiyva's grace]
 19533 | D:15     | Gained mutation: Your translucent skin slightly reduces
                  | your foes' accuracy. (Stealth+) [Jiyva's grace]
 19533 | D:15     | Gained mutation: Your translucent skin reduces your foes'
                  | accuracy. (Stealth+) [Jiyva's grace]
 19586 | D:15     | Found a staircase to the Depths.
 20292 | D:10     | Killed Skeebo's ghost
 20293 | D:10     | Reached skill level 14 in Spellcasting
 20426 | Snake:1  | Entered Level 1 of the Snake Pit
 21215 | Snake:1  | Lost mutation: You are mostly covered in iridescent scales.
                  | (AC +4) [Jiyva's grace]
 21215 | Snake:1  | Lost mutation: Your mind is very acute. (Int +8, Str/Dex
                  | -2) [Jiyva's grace]
 21215 | Snake:1  | Lost mutation: Your gelatinous body deflects attacks. (AC
                  | +3, EV +3) [Jiyva's grace]
 21215 | Snake:1  | Lost mutation: Your pliable body absorbs attacks. (AC +2,
                  | EV +2) [Jiyva's grace]
 21215 | Snake:1  | Lost mutation: Your translucent skin reduces your foes'
                  | accuracy. (Stealth+) [Jiyva's grace]
 21215 | Snake:1  | Gained mutation: You have sharp fingernails. [Jiyva's
                  | grace]
 21215 | Snake:1  | Gained mutation: You have very sharp fingernails. [Jiyva's
                  | grace]
 21215 | Snake:1  | Gained mutation: You have claws for hands. [Jiyva's grace]
 21215 | Snake:1  | Gained mutation: You have a pair of horns on your head.
                  | [Jiyva's grace]
 21444 | Snake:2  | Reached XP level 18. HP: 129/130 MP: 0/0
 22337 | Snake:3  | Noticed Nikola
 22354 | Snake:3  | Killed Nikola
 23066 | Swamp:1  | Entered Level 1 of the Swamp
 23620 | Swamp:2  | Lost mutation: You have claws for hands. [Jiyva's grace]
 23620 | Swamp:2  | Lost mutation: You have extremely sharp teeth. [Jiyva's
                  | grace]
 23620 | Swamp:2  | Lost mutation: Your muscles are very strong. (Str +8,
                  | Int/Dex -2) [Jiyva's grace]
 23620 | Swamp:2  | Gained mutation: You are somewhat resistant to further
                  | mutation. [Jiyva's grace]
 23620 | Swamp:2  | Gained mutation: You are somewhat resistant to both further
                  | mutation and mutation removal. [Jiyva's grace]
 23620 | Swamp:2  | Gained mutation: You are almost entirely resistant to
                  | further mutation and mutation removal. [Jiyva's grace]
 23620 | Swamp:2  | Gained mutation: You passively map a small area around you.
                  | [Jiyva's grace]
 23620 | Swamp:2  | Found a runed translucent gate.
 23642 | Swamp:2  | Found a runed translucent gate.
 23642 | Swamp:2  | Found a runed translucent gate.
 23666 | Swamp:2  | Noticed Jauraipp's ghost (journeyman MeEE)
 23785 | Swamp:2  | Noticed Mlioglotl
 23805 | Swamp:2  | Killed Mlioglotl
 23876 | Swamp:2  | Reached XP level 19. HP: 113/139 MP: 0/0
 23876 | Swamp:2  | Learned a level 6 spell: Plasma Beam
 24172 | Swamp:2  | Killed Jauraipp's ghost
 24176 | Swamp:2  | Identified the +0 war axe of Aggounom {heavy, +Blink Int+3}
 24178 | Swamp:2  | Identified the ring of Pototuk {Contam rElec rN+ rCorr
                  | Int+6 Dex+3}
 24222 | Swamp:3  | HP: 28/140 [swamp dragon (5)]
 24319 | Swamp:3  | Noticed Bai Suzhen
 24339 | Swamp:3  | HP: 8/140 [Bai Suzhen] (20)]
 24344 | Swamp:3  | Killed Bai Suzhen
 24684 | Swamp:4  | Entered Level 4 of the Swamp
 24835 | Swamp:4  | HP: 28/142 [bunyip (22)]
 24842 | Swamp:4  | HP: 25/142 [seven-headed hydra (10)]
 24849 | Swamp:4  | HP: 27/142 [eleionoma/spray of wooden splinters (10)]
 24936 | Swamp:4  | Reached skill level 15 in Fighting
 25285 | Swamp:4  | Got a decaying rune of Zot
 25566 | Snake:4  | Entered Level 4 of the Snake Pit
 25674 | Snake:4  | Reached skill level 15 in Armour
 25681 | Snake:4  | Reached XP level 20. HP: 90/149 MP: 0/0
 25847 | Snake:4  | Lost mutation: You have a pair of horns on your head.
                  | [Jiyva's grace]
 25847 | Snake:4  | Lost mutation: You are partially covered in iridescent
                  | scales. (AC +2) [Jiyva's grace]
 25847 | Snake:4  | Lost mutation: Your mind is acute. (Int +4, Str/Dex -1)
                  | [Jiyva's grace]
 25847 | Snake:4  | Lost mutation: You are almost entirely resistant to further
                  | mutation and mutation removal. [Jiyva's grace]
 25847 | Snake:4  | Lost mutation: You are somewhat resistant to both further
                  | mutation and mutation removal. [Jiyva's grace]
 25847 | Snake:4  | Lost mutation: Your rubbery body absorbs attacks. (AC +1,
                  | EV +1) [Jiyva's grace]
 25847 | Snake:4  | Gained mutation: You are partially covered in iridescent
                  | scales. (AC +2) [Jiyva's grace]
 25847 | Snake:4  | Gained mutation: You are mostly covered in iridescent
                  | scales. (AC +4) [Jiyva's grace]
 25847 | Snake:4  | Gained mutation: You are completely covered in iridescent
                  | scales. (AC +6) [Jiyva's grace]
 25847 | Snake:4  | Gained mutation: You are covered in slimy tendrils that may
                  | disarm your opponents. [Jiyva's grace]
 25946 | Snake:4  | Noticed Vashnia
 25969 | Snake:4  | Killed Vashnia
 25980 | Snake:4  | Reached skill level 15 in Spellcasting
 26451 | Snake:4  | Got a serpentine rune of Zot
 26723 | Elf:1    | Entered Level 1 of the Elven Halls
 26792 | Elf:1    | Found Xauxt's Assorted Antiques.
 26795 | Elf:1    | Found Pezow's Magic Scroll Shop.
 26798 | Elf:1    | Found Nuodd's General Store.
 26806 | Elf:1    | Bought a scroll of blinking for 112 gold pieces
 26812 | Elf:1    | Bought a potion of cancellation for 104 gold pieces
 26856 | Elf:1    | Found a magical portal.
 26873 | WizLab   | Entered Iskenderun's Mystic Tower
 26914 | WizLab   | HP: 29/149 [purple draconian/bolt of dispelling energy
                  | (24)]
 27168 | WizLab   | Got Deopuzal's Spellwork Continued
 27168 | WizLab   | Got Raexeala's Octavo of Darkness
 27186 | WizLab   | Got Iskenderun's Guide on Assaults
 27186 | WizLab   | Got Iskenderun's Precepts of Fulmination
 27555 | Elf:1    | Reached XP level 21. HP: 117/157 MP: 0/0
 27555 | Elf:1    | Learned a level 7 spell: Spellforged Servitor
 27835 | Elf:1    | Reached skill level 16 in Spellcasting
 27860 | Elf:1    | Got Mara's Almanac of Formation
 27988 | Elf:1    | Found the +12 pair of quick blades "Gyre" and "Gimble"
                  | {protect}
 28566 | Elf:2    | Found a runed translucent gate.
 28566 | Elf:2    | Found a runed translucent gate.
 28566 | Elf:2    | Found a runed translucent gate.
 29002 | Elf:2    | Lost mutation: You are somewhat resistant to further
                  | mutation. [Jiyva's grace]
 29002 | Elf:2    | Gained mutation: Your mind is acute. (Int +4, Str/Dex -1)
                  | [Jiyva's grace]
 29002 | Elf:2    | Gained mutation: Your mind is very acute. (Int +8, Str/Dex
                  | -2) [Jiyva's grace]
 29002 | Elf:2    | Gained mutation: Your translucent skin reduces your foes'
                  | accuracy. (Stealth+) [Jiyva's grace]
 29002 | Elf:2    | Gained mutation: Your transparent skin significantly
                  | reduces your foes' accuracy. (Stealth+) [Jiyva's grace]
 29257 | Elf:2    | jfcaron: ??brand weapon
 29257 | Elf:2    | beem: scroll of brand weapon[1/3]: Adds a random brand from
                  | a specific set of brands (see [2]) to a non-artefact
                  | weapon. You can't brand a {magical staff}. Rebranding away
                  | from wielded distortion will prevent a distortion unwield
                  | effect.
 29257 | Elf:2    | jfcaron: ??brand weapon[2
 29257 | Elf:2    | beem: scroll of brand weapon[2/3]: Brands melee weapons to:
                  | 13% chance each of flame/freeze/heavy/venom/protection, 7%
                  | of drain/elec/spec/vamp/chaos. Ranged weapons have 21%
                  | chance each of flame/freeze/drain/heavy, 7% of elec/chaos.
                  | Reroll if same as current brand or disliked by your god.
 29257 | Elf:2    | jfcaron: ??brand weapon[3
 29257 | Elf:2    | beem: scroll of brand weapon[3/3]: In 0.27-, instead
                  | branded melee weapons to: 17.7% flaming, 17.7% freezing,
                  | 14.6% vorpal, 11.4% venom, 8.9% drain, 8.9% electrocution,
                  | 7.0% protection, 7.0% spectral, 5.1% vampiricism, 1.9%
                  | chaos. Ranged weapons: 27.5% flaming, 27.5% freezing, 19.2%
                  | venom, 19.2% vorpal, 4.2% electrocution, 2.5% chaos.
 29329 | Elf:3    | Entered Level 3 of the Elven Halls
 29532 | Elf:3    | Identified the staff of fire "Jugidur" {rF+ rC+}
 30960 | Elf:3    | Identified the +2 plate armour of Gravitas {rF+ rCorr}
 30966 | Elf:3    | Reached XP level 22. HP: 168/168 MP: 0/0
 30970 | Elf:3    | Reached skill level 17 in Spellcasting
 31015 | Elf:3    | Identified the +7 dagger of the Briny Deep {heavy, Str+6
                  | Int+3}
 31149 | Elf:3    | Found the +6 arbalest "Damnation" {damnation}
 31151 | Elf:3    | Identified the +8 hand crossbow "Duodir" {drain, rN+ Will-
                  | Int+2 Dex+2}
 31155 | Elf:3    | Identified the +6 shortbow "Caeso" {freeze, Contam rElec
                  | rF+ Str+3}
 31156 | Elf:3    | Identified the +2 sling of the Sun {flame, rC+}
 31192 | Elf:3    | Identified the +5 shortbow "Pesaf" {elec, rN+ rCorr Str+3
                  | Dex-5}
 31576 | Vaults:1 | Entered Level 1 of the Vaults
 31594 | Vaults:1 | Noticed Aizul
 31597 | Vaults:1 | Killed Aizul
 31768 | Vaults:1 | Lost mutation: You have very sharp fingernails. [Jiyva's
                  | grace]
 31768 | Vaults:1 | Lost mutation: You have sharp fingernails. [Jiyva's grace]
 31768 | Vaults:1 | Lost mutation: You have very sharp teeth. [Jiyva's grace]
 31768 | Vaults:1 | Lost mutation: You have a pair of small horns on your head.
                  | [Jiyva's grace]
 31768 | Vaults:1 | Lost mutation: You are completely covered in iridescent
                  | scales. (AC +6) [Jiyva's grace]
 31768 | Vaults:1 | Lost mutation: Your mind is very acute. (Int +8, Str/Dex
                  | -2) [Jiyva's grace]
 31768 | Vaults:1 | Lost mutation: Your mind is acute. (Int +4, Str/Dex -1)
                  | [Jiyva's grace]
 31768 | Vaults:1 | Lost mutation: You passively map a small area around you.
                  | [Jiyva's grace]
 31768 | Vaults:1 | Lost mutation: Your transparent skin significantly reduces
                  | your foes' accuracy. (Stealth+) [Jiyva's grace]
 31768 | Vaults:1 | Gained mutation: Your melee attacks may engulf your foes in
                  | ooze. [Jiyva's grace]
 31768 | Vaults:1 | Gained mutation: You are robust. (+10% HP) [Jiyva's grace]
 31768 | Vaults:1 | Gained mutation: You are very robust. (+20% HP) [Jiyva's
                  | grace]
 31768 | Vaults:1 | Gained mutation: You are extremely robust. (+30% HP)
                  | [Jiyva's grace]
 32445 | Vaults:2 | Found Wuddof's General Store.
 32461 | Vaults:2 | Found Zuraig's Assorted Antiques.
 32518 | Vaults:2 | Found Ubaxidwy's Armour Shop.
 32552 | Vaults:2 | Found Moepoem's Antique Armour Shop.
 32567 | Vaults:2 | Found a crumbling gateway.
 32578 | Desolati | Entered the Desolation of Salt
 32726 | Desolati | Identified the +1 ring mail of Tulips {rC+ rCorr}
 32726 | Desolati | Identified the amulet "Imofoj" {Spirit rPois rC+ rCorr}
 32896 | Desolati | Reached skill level 18 in Spellcasting
 32911 | Desolati | Reached XP level 23. HP: 139/231 MP: 0/0
 32911 | Desolati | Learned a level 8 spell: Disjunction
 33080 | Desolati | Got the Tome of Shocking Command
 33093 | Desolati | Identified the +2 leather armour of Freedom {Harm rF+
                  | Dex+3}
 33117 | Desolati | Found the +3 pair of gauntlets of War {Slay+5}
 33192 | Desolati | Got the Meditations on Dynamic Shapeshifting
 33268 | Desolati | Lost mutation: Your translucent skin reduces your foes'
                  | accuracy. (Stealth+) [Jiyva's grace]
 33268 | Desolati | Gained mutation: Your flesh is almost immune to the effects
                  | of heat. (rF+++) [Jiyva's grace]
 33268 | Desolati | Gained mutation: Armour fits poorly on your pseudopods.
                  | [Jiyva's grace]
 33268 | Desolati | Gained mutation: Armour fits poorly on your large
                  | pseudopods. [Jiyva's grace]
 33268 | Desolati | Gained mutation: Armour fits poorly on your massive
                  | pseudopods. [Jiyva's grace]
 33612 | Vaults:2 | Bought the +5 Storm Queen's Shield {shock, Fly rElec} for
                  | 1231 gold pieces
 33612 | Vaults:2 | Found the +5 Storm Queen's Shield {shock, Fly rElec}
 33676 | Vaults:2 | Bought a runed helmet for 322 gold pieces
 33721 | Vaults:2 | Found a staircase to the Crypt.
 34488 | Vaults:2 | Acquired 1212 gold pieces
 34646 | Elf:1    | Bought a scroll of enchant weapon for 112 gold pieces
 35122 | Vaults:3 | Lost mutation: Your flesh is almost immune to the effects
                  | of heat. (rF+++) [Jiyva's grace]
 35122 | Vaults:3 | Lost mutation: Your natural rate of healing is unusually
                  | fast. [Jiyva's grace]
 35122 | Vaults:3 | Lost mutation: Your muscles are strong. (Str +4, Int/Dex
                  | -1) [Jiyva's grace]
 35122 | Vaults:3 | Lost mutation: Your translucent skin slightly reduces your
                  | foes' accuracy. (Stealth+) [Jiyva's grace]
 35122 | Vaults:3 | Gained mutation: You have sharp fingernails. [Jiyva's
                  | grace]
 35122 | Vaults:3 | Gained mutation: You have very sharp fingernails. [Jiyva's
                  | grace]
 35122 | Vaults:3 | Gained mutation: You have claws for hands. [Jiyva's grace]
 35122 | Vaults:3 | Gained mutation: You have a small jelly attached to you
                  | that senses nearby items. [Jiyva's grace]
 35938 | Vaults:4 | Found Fumiw's Antique Armour Shoppe.
 35993 | Vaults:4 | Reached XP level 24. HP: 240/243 MP: 0/0
 36047 | Vaults:4 | Got Cesext's Collected Works on Terrain
 36237 | Vaults:4 | Reached skill level 19 in Spellcasting
 36263 | Vaults:4 | Got Veyfu's Commentary on Iniquitous Spells
 36683 | Vaults:4 | jfcaron: ??order
 36683 | Vaults:4 | beem: hyperelliptic[1/2]: D:11 -> Lair -> D:12 -> Orc ->
                  | D:15 -> S:3 -> maybe other S:3 -> get both S runes -> maybe
                  | Elf (but not the Elf:3 vault) -> Vaults:4 -> maybe Crypt ->
                  | Depths:4 -> Vaults:5 -> maybe Slime -> Zot ("S" means
                  | Shoals/Snake/Spider/Swamp)
 36770 | Crypt:1  | Entered Level 1 of the Crypt
 37107 | Crypt:1  | Identified the +2 helmet of the Game of Life {Rampage
                  | Str+8}
 37241 | Crypt:1  | Lost mutation: You have claws for hands. [Jiyva's grace]
 37241 | Crypt:1  | Lost mutation: You have very sharp fingernails. [Jiyva's
                  | grace]
 37241 | Crypt:1  | Lost mutation: You are mostly covered in iridescent scales.
                  | (AC +4) [Jiyva's grace]
 37241 | Crypt:1  | Lost mutation: You are extremely robust. (+30% HP) [Jiyva's
                  | grace]
 37241 | Crypt:1  | Lost mutation: You are very robust. (+20% HP) [Jiyva's
                  | grace]
 37241 | Crypt:1  | Lost mutation: Armour fits poorly on your massive
                  | pseudopods. [Jiyva's grace]
 37241 | Crypt:1  | Lost mutation: Armour fits poorly on your large pseudopods.
                  | [Jiyva's grace]
 37241 | Crypt:1  | Lost mutation: You are covered in slimy tendrils that may
                  | disarm your opponents. [Jiyva's grace]
 37241 | Crypt:1  | Lost mutation: Your melee attacks may engulf your foes in
                  | ooze. [Jiyva's grace]
 37241 | Crypt:1  | Gained mutation: You are covered in fur. (AC +1) [Jiyva's
                  | grace]
 37241 | Crypt:1  | Gained mutation: You are covered in thick fur. (AC +2)
                  | [Jiyva's grace]
 37241 | Crypt:1  | Gained mutation: Your thick and shaggy fur keeps you warm.
                  | (AC +3, rC+) [Jiyva's grace]
 37241 | Crypt:1  | Gained mutation: Armour fits poorly on your large
                  | pseudopods. [Jiyva's grace]
 37495 | Crypt:2  | Noticed Donald
 37503 | Crypt:2  | Killed Donald
 37516 | Crypt:2  | Found a runed translucent gate.
 37516 | Crypt:2  | Found a runed translucent gate.
 37516 | Crypt:2  | Found a runed translucent gate.
 37520 | Crypt:2  | Noticed Xenat's ghost (veteran MiGl)
 37699 | Crypt:2  | Reached skill level 15 in Shields
 38200 | Crypt:2  | Found a runed translucent door.
 38201 | Crypt:2  | Noticed an ancient lich
 38438 | Crypt:2  | Killed Xenat's ghost
 38585 | Crypt:2  | Killed an ancient lich
 38684 | Crypt:3  | Entered Level 3 of the Crypt
 38729 | Crypt:3  | Found a staircase to the Tomb.
 38733 | Crypt:3  | Reached skill level 20 in Spellcasting
 38853 | Crypt:3  | Noticed an ancient lich
 38862 | Crypt:3  | Killed an ancient lich
 39035 | Crypt:3  | Reached XP level 25. HP: 187/211 MP: 0/0
 39035 | Crypt:3  | Learned a level 9 spell: Dragon's Call
 39204 | Crypt:3  | Noticed Jory
 39215 | Crypt:3  | Killed Jory
 39221 | Crypt:3  | Identified the ring of Kiarujer {rN+ Str+3 Dex+3} (You took
                  | it off a vampire on level 3 of the Crypt)
 39275 | Crypt:3  | Lost mutation: You have sharp fingernails. [Jiyva's grace]
 39275 | Crypt:3  | Lost mutation: Your thick and shaggy fur keeps you warm.
                  | (AC +3, rC+) [Jiyva's grace]
 39275 | Crypt:3  | Gained mutation: You have a somewhat thin skeletal
                  | structure. (Dex +2, Stealth+) [Jiyva's grace]
 39275 | Crypt:3  | Gained mutation: You have a moderately thin skeletal
                  | structure. (Dex +4, Stealth++) [Jiyva's grace]
 39275 | Crypt:3  | Gained mutation: You have an unnaturally thin skeletal
                  | structure. (Dex +6, Stealth+++) [Jiyva's grace]
 39275 | Crypt:3  | Gained mutation: Your rubbery body absorbs attacks. (AC +1,
                  | EV +1) [Jiyva's grace]
 39391 | Crypt:3  | Identified the ring of Brilliance {rPois rC- rN+ Str+6}
 39391 | Crypt:3  | Identified the ring of Xavy {rPois rN+}
 40664 | Depths:1 | Entered Level 1 of the Depths
 40686 | Depths:1 | Killed Susch's ghost
 40741 | Depths:1 | Noticed the Enchantress
 40750 | Depths:1 | Killed the Enchantress
 41105 | Depths:1 | Reached skill level 21 in Spellcasting
 41232 | Depths:1 | Found a gateway to Hell.
 41368 | Depths:1 | Found a glowing silver altar of Zin.
 41408 | Depths:1 | Found a runed translucent gate.
 41408 | Depths:1 | Found a runed translucent gate.
 41409 | Depths:1 | Found a runed translucent gate.
 41419 | Depths:1 | Found a viscous altar of Jiyva.
 41617 | Depths:2 | Lost mutation: You are partially covered in iridescent
                  | scales. (AC +2) [Jiyva's grace]
 41617 | Depths:2 | Lost mutation: You have an unnaturally thin skeletal
                  | structure. (Dex +6, Stealth+++) [Jiyva's grace]
 41617 | Depths:2 | Lost mutation: Armour fits poorly on your large pseudopods.
                  | [Jiyva's grace]
 41617 | Depths:2 | Gained mutation: Your body has grown eyes which may confuse
                  | attackers. (Acc +3) [Jiyva's grace]
 41617 | Depths:2 | Gained mutation: Your body has grown many eyes which may
                  | confuse attackers. (Acc +5) [Jiyva's grace]
 41617 | Depths:2 | Gained mutation: Your body is covered in eyes which may
                  | confuse attackers. (Acc +7, SInv) [Jiyva's grace]
 41617 | Depths:2 | Gained mutation: You have a small jelly attached to you
                  | that may absorb projectiles. [Jiyva's grace]
 41689 | Depths:2 | Found a one-way gate leading to the halls of Pandemonium.
 41945 | Depths:2 | Was placed under penance by Jiyva
 41947 | Depths:2 | Paralysed by a floating eye for 4 turns
 41999 | Depths:2 | Noticed Asterion
 42005 | Depths:2 | Killed Asterion
 42278 | Depths:2 | Found a broken altar of Ashenzari.
 42316 | Depths:2 | Reached XP level 26. HP: 222/223 MP: 0/0
 42324 | Depths:2 | Was forgiven by Jiyva
 42418 | Depths:2 | Found a one-way gateway to a ziggurat.
 42815 | Depths:3 | Noticed Xtahua
 42821 | Depths:3 | Killed Xtahua
 42862 | Depths:3 | Reached skill level 22 in Spellcasting
 43041 | Depths:3 | Lost mutation: You have a moderately thin skeletal
                  | structure. (Dex +4, Stealth++) [Jiyva's grace]
 43041 | Depths:3 | Lost mutation: You are covered in thick fur. (AC +2)
                  | [Jiyva's grace]
 43041 | Depths:3 | Lost mutation: Your body is covered in eyes which may
                  | confuse attackers. (Acc +7, SInv) [Jiyva's grace]
 43041 | Depths:3 | Lost mutation: Your body has grown many eyes which may
                  | confuse attackers. (Acc +5) [Jiyva's grace]
 43041 | Depths:3 | Lost mutation: Your rubbery body absorbs attacks. (AC +1,
                  | EV +1) [Jiyva's grace]
 43041 | Depths:3 | Lost mutation: Armour fits poorly on your pseudopods.
                  | [Jiyva's grace]
 43041 | Depths:3 | Gained mutation: You have supernaturally acute eyesight.
                  | (SInv) [Jiyva's grace]
 43041 | Depths:3 | Gained mutation: You are covered in slimy tendrils that may
                  | disarm your opponents. [Jiyva's grace]
 43041 | Depths:3 | Gained mutation: You have a pair of small antennae on your
                  | head. [Jiyva's grace]
 43041 | Depths:3 | Gained mutation: You have a pair of antennae on your head.
                  | [Jiyva's grace]
 43046 | Depths:3 | Found a white marble altar of Elyvilon.
 43244 | Depths:3 | Noticed a juggernaut
 43251 | Depths:3 | Killed a juggernaut
 43485 | Depths:3 | Identified the +1 cloak of Agyibbol {MP+9 Str+2}
 43489 | Depths:3 | Identified the +0 ring mail of the Unstoppable Demons
                  | {Will+}
 43748 | Depths:4 | Entered Level 4 of the Depths
 43761 | Depths:4 | Found Kueku's Serpentskin Sales.
 43952 | Depths:4 | Found a gate to the Realm of Zot.
 44298 | Depths:4 | Found Juits's Jewellery Shoppe.
 44300 | Depths:4 | Found Sucuceal's Book Shop.
 44301 | Depths:4 | Found Ywecaan's Jewellery Shoppe.
 44349 | Depths:4 | Noticed a juggernaut
 44365 | Depths:4 | Killed a juggernaut
 44404 | Depths:4 | Reached skill level 23 in Spellcasting
 45100 | Depths:4 | Bought 6 curare-tipped darts for 115 gold pieces
 45310 | Elf:1    | Bought a scroll of enchant weapon for 112 gold pieces
 45310 | Elf:1    | Bought a scroll of poison for 60 gold pieces
 45310 | Elf:1    | Bought a scroll of teleportation for 45 gold pieces
 45310 | Elf:1    | Bought a scroll of fog for 60 gold pieces
 45313 | Elf:1    | Bought a scroll of fog for 52 gold pieces
 45313 | Elf:1    | Bought a wand of paralysis (6) for 187 gold pieces
 45313 | Elf:1    | Bought 2 potions of might for 104 gold pieces
 45400 | Orc:2    | Bought a potion of curing for 51 gold pieces
 45400 | Orc:2    | Bought a potion of might for 68 gold pieces
 45400 | Orc:2    | Bought a potion of curing for 51 gold pieces
 45549 | D:6      | Bought a potion of brilliance for 52 gold pieces
 45735 | Vaults:2 | Bought a scroll of fear for 108 gold pieces
 45735 | Vaults:2 | Bought 2 potions of curing for 162 gold pieces
 45746 | Vaults:2 | Bought a scroll of silence for 161 gold pieces
 45794 | Vaults:2 | Bought a pair of glowing gloves for 322 gold pieces
 45861 | Vaults:4 | Bought a shimmering buckler for 342 gold pieces
 45861 | Vaults:4 | Identified the +3 buckler of Humum {rPois} (You bought it
                  | in a shop on level 4 of the Vaults)
 45864 | Vaults:4 | Bought a shiny helmet for 270 gold pieces
 45907 | Vaults:5 | Entered Level 5 of the Vaults
 45921 | Vaults:5 | Reached XP level 27. HP: 209/229 MP: 0/0
 45921 | Vaults:5 | Learned a level 9 spell: Polar Vortex
 45989 | Vaults:5 | Noticed Margery
 46000 | Vaults:5 | Killed Margery
 46001 | Vaults:5 | Reached skill level 24 in Spellcasting
 46004 | Vaults:5 | Noticed an ancient lich
 46013 | Vaults:5 | Noticed an ancient lich
 46016 | Vaults:5 | HP: 44/229 [ancient lich/bolt of acid (20)]
 46019 | Vaults:5 | Killed an ancient lich
 46029 | Vaults:5 | Noticed an ancient lich
 46034 | Vaults:5 | Killed an ancient lich
 46040 | Vaults:5 | Killed an ancient lich
 46145 | Vaults:5 | Noticed a dread lich
 46160 | Vaults:5 | Killed a dread lich
 46347 | Vaults:5 | Lost mutation: You have a pair of antennae on your head.
                  | [Jiyva's grace]
 46347 | Vaults:5 | Lost mutation: Your body has grown eyes which may confuse
                  | attackers. (Acc +3) [Jiyva's grace]
 46347 | Vaults:5 | Gained mutation: You are partially covered in iridescent
                  | scales. (AC +2) [Jiyva's grace]
 46347 | Vaults:5 | Gained mutation: You are mostly covered in iridescent
                  | scales. (AC +4) [Jiyva's grace]
 46347 | Vaults:5 | Gained mutation: You are completely covered in iridescent
                  | scales. (AC +6) [Jiyva's grace]
 46347 | Vaults:5 | Gained mutation: Your spells are a little harder to cast,
                  | but a little more powerful. [Jiyva's grace]
 46414 | Vaults:5 | Identified the +2 morningstar "Agifinoa" {elec, Stlth+}
 46448 | Vaults:5 | Identified the +2 robe of Tender Moments {rElec}
 46520 | Vaults:5 | Identified the staff of fire "Patad" {*Slow rElec rF+ Dex+3
                  | Stlth+}
 46526 | Vaults:5 | Identified the ring "Igy Kist" {Wiz Drain rC+++ rN+ Str-4}
 46541 | Vaults:5 | Got a silver rune of Zot
 46545 | Vaults:5 | Found the +3 Mad Mage's Maulers {Infuse+∞ VampMP -Cast}
 46634 | Vaults:5 | Identified the ring of Fedik {Will++ EV+5 Int+3}
 46640 | Vaults:5 | Identified the +1 leather armour of Quantum Leap {rF+ rN++
                  | Stlth+}
 46667 | Vaults:5 | Identified the +2 leather armour of Gluttony {Stlth+}
 46845 | Vaults:5 | Identified the +3 hand axe of Ujeumu {chaos, Contam rC++
                  | Will+ Dex+7}
 46896 | Vaults:5 | Identified the +0 shortbow "Kiyw" {heavy, rCorr Str+5
                  | Dex+2}
 46898 | Vaults:5 | Identified the +1 arbalest of a wizard's laboratory {flame,
                  | rC+ rN+ Str-4}
 47267 | Hell     | Entered the Vestibule of Hell
 47267 | Hell     | Noticed Geryon
 47293 | Hell     | Killed Geryon
 47294 | Hell     | Reached skill level 25 in Spellcasting
 47304 | Hell     | Lost mutation: Your spells are a little harder to cast, but
                  | a little more powerful. [a cacodemon]
 47323 | Hell     | Noticed Murray
 47342 | Hell     | Killed Murray
 47441 | Hell     | Found a gateway to the Iron City of Dis.
 47601 | Hell     | Found a gateway to the decaying netherworld of Tartarus.
 47639 | Hell     | Found a gateway to the freezing wastes of Cocytus.
 47720 | Hell     | Found a gateway to the ashen valley of Gehenna.
 47932 | Zot:1    | Entered Level 1 of the Realm of Zot
 48375 | Zot:4    | Noticed an orb of fire
 48396 | Zot:4    | Killed an orb of fire
 48409 | Zot:4    | Reached skill level 26 in Spellcasting
 48525 | Zot:4    | Lost mutation: You have a somewhat thin skeletal structure.
                  | (Dex +2, Stealth+) [Jiyva's grace]
 48525 | Zot:4    | Lost mutation: You are robust. (+10% HP) [Jiyva's grace]
 48525 | Zot:4    | Gained mutation: You have sharp fingernails. [Jiyva's
                  | grace]
 48525 | Zot:4    | Gained mutation: You have very sharp fingernails. [Jiyva's
                  | grace]
 48525 | Zot:4    | Gained mutation: You have claws for hands. [Jiyva's grace]
 48525 | Zot:4    | Gained mutation: You are somewhat resistant to further
                  | mutation. [Jiyva's grace]
 48890 | Zot:4    | Noticed an orb of fire
 48909 | Zot:4    | Killed an orb of fire
 48946 | Zot:4    | Identified the +8 dagger of Mandamus {drain, rC+ rCorr}
 48972 | Zot:4    | Got Qeequx's Directory of The Black Sun
 49093 | Zot:4    | Got Sif Muna's Collected Works on Fateful Coordinates
 50397 | Zot:2    | Reached skill level 27 in Spellcasting
 50406 | Zot:2    | Reached skill level 1 in Stealth
 50676 | Zot:2    | Noticed an orb of fire
 50686 | Zot:2    | Gained mutation: You are frail. (-10% HP) [an orb of fire]
 50692 | Zot:2    | Gained mutation: You occasionally lose the ability to drink
                  | potions when taking damage. [an orb of fire]
 50697 | Zot:2    | Killed an orb of fire
 51112 | Zot:2    | Lost mutation: You have a pair of small antennae on your
                  | head. [Jiyva's grace]
 51112 | Zot:2    | Lost mutation: You have claws for hands. [Jiyva's grace]
 51112 | Zot:2    | Lost mutation: You are completely covered in iridescent
                  | scales. (AC +6) [Jiyva's grace]
 51112 | Zot:2    | Lost mutation: You have supernaturally acute eyesight.
                  | (SInv) [Jiyva's grace]
 51112 | Zot:2    | Gained mutation: You possess an exceptional clarity of
                  | mind. [Jiyva's grace]
 51112 | Zot:2    | Gained mutation: Your body has grown eyes which may confuse
                  | attackers. (Acc +3) [Jiyva's grace]
 51112 | Zot:2    | Gained mutation: Your body has grown many eyes which may
                  | confuse attackers. (Acc +5) [Jiyva's grace]
 51112 | Zot:2    | Gained mutation: Your body is covered in eyes which may
                  | confuse attackers. (Acc +7, SInv) [Jiyva's grace]
 51830 | Zot:1    | Noticed a dread lich
 51847 | Zot:1    | Killed a dread lich
 52298 | Zot:1    | Reached skill level 5 in Stealth
 52566 | Zot:5    | Entered Level 5 of the Realm of Zot
 54412 | Zot:5    | Noticed an ancient lich
 54415 | Zot:5    | Killed an ancient lich
 54564 | Zot:5    | Noticed a Killer Klown
 54570 | Zot:5    | Killed a Killer Klown
 54575 | Zot:5    | Noticed an orb of fire
 54585 | Zot:5    | Killed an orb of fire
 54596 | Zot:5    | Noticed a Killer Klown
 54604 | Zot:5    | Noticed an orb of fire
 54606 | Zot:5    | Killed a Killer Klown
 54609 | Zot:5    | Noticed a dread lich
 54614 | Zot:5    | Gained mutation: You sometimes lose the ability to drink
                  | potions when taking damage. [an orb of fire]
 54616 | Zot:5    | Killed an orb of fire
 54622 | Zot:5    | Killed a dread lich
 54630 | Zot:5    | Noticed an ancient lich
 54642 | Zot:5    | Killed an ancient lich
 54738 | Zot:5    | Noticed an ancient lich
 54746 | Zot:5    | Killed an ancient lich
 54760 | Zot:5    | Noticed an ancient lich
 54771 | Zot:5    | Killed an ancient lich
 54827 | Zot:5    | Noticed a Killer Klown
 54832 | Zot:5    | Killed a Killer Klown
 54857 | Zot:5    | Noticed a dread lich
 54863 | Zot:5    | Reached skill level 10 in Evocations
 54864 | Zot:5    | Noticed a dread lich
 54869 | Zot:5    | Killed a dread lich
 54873 | Zot:5    | Noticed a Killer Klown
 54874 | Zot:5    | Killed a dread lich
 54881 | Zot:5    | Killed a Killer Klown
 54882 | Zot:5    | Noticed an orb of fire
 54890 | Zot:5    | Noticed a dread lich
 54892 | Zot:5    | Killed an orb of fire
 54896 | Zot:5    | Noticed a dread lich
 54897 | Zot:5    | Killed a dread lich
 54906 | Zot:5    | Killed a dread lich
 54995 | Zot:5    | Noticed an ancient lich
 55004 | Zot:5    | Killed an ancient lich
 55200 | Zot:5    | Got the Orb of Zot
 55699 | D:$      | Escaped with the Orb!

Illustrated notes

Levels and vault maps discovered:
D:1:      amcnicky_arrival_gap_in_the_tavern_cellar, layout_loops_corners
D:2:      layout_basic, basic_altar, ebering_ecumenical_altar_ruins
D:3:      layout_loops_corners
D:4:      layout_loops_ring, cheibrodos_sewer_entry_drain, uniq_menkaure
D:5:      layout_basic, lemuel_round_altar, minmay_temple_entry_statues_pillars,
          abandoned_shop
D:6:      layout_gridville, mainiacjoe_overflow_24_doors, serial_shops, shop
D:7:      layout_loops_cross, led_sif_pool, minmay_fractal_squares_5
D:8:      lemuel_castle_with_subvaults [lemuel_castle_interior_original],
          layout_rooms, overflow_temple_1_default, enter_ossuary_4,
          serial_shops, shop
D:9:      layout_basic, okawaru_humans, gammafunk_temple_overflow_forgotten,
          hellmonk_lair_entry_icy, uniq_maurice
D:10:     layout_loops_ring, grunt_temple_overflow_open,
          gammafunk_ghost_abyssal_escape, uniq_grum
D:11:     layout_loops_cross, portal_ice_cave_rime,
          gammafunk_ghost_berserking_beasts, kennysheep_generic_room_16
D:12:     layout_basic, david_orc_3, vehumet_statue
D:13:     layout_rooms, lightli_vaults_fourway_checkpoint,
          gammafunk_ghost_mausoleum
D:14:     minmay_twisted_water, layout_rooms, uniq_lodul
D:15:     hangedman_depths_entry_civil_slaughter, layout_gridville,
          kennysheep_pointless_box, uniq_jorgrun
Lair:1:   gammafunk_boulding_lane, layout_small_grid
Lair:2:   layout_misc_corridors, skrybe_swamp_entry_bodies,
          gauntlet_entry_generic, nicolae_quartered_pool_impasse,
          infiniplex_staircase_pool, uniq_amaemon
Lair:3:   gammafunk_lair_enchanted_lake, layout_gridlike,
          nicolae_snake_entry_warm_welcome, basic_altar,
          dreamdust_gnoll_shepherd, lemuel_fruit_tree, uniq_nessos
Lair:4:   layout_cave_shapes, minmay_slime_entry_eyes
Lair:5:   hellmonk_lair_end_abyssal_woods, layout_regular_city
Swamp:1:  layout_falls_marsh, nicolae_swamp_fairy_circle, swamp_pool5,
          nicolae_swamp_little_swirl
Swamp:2:  layout_basic_swamp, gammafunk_ghost_hydra_chop,
          evilmike_swamp_ruin_house_4, uniq_mlioglotl
Swamp:3:  layout_basic_swamp, evilmike_swamp_ruin_house_2, uniq_bai_suzhen
Swamp:4:  swamp, layout_basic_swamp
Snake:1:  layout_grid_maze, drop_trap, grunt_ministairs_1, guppyfry_library_mini
Snake:2:  nicolae_sea_snake_s, layout_misc_corridors
Snake:3:  layout_cave_town, serial_bayou_lagoon_a,
          hangedman_snake_wide_pillar_pass, serial_bayou_lagoon_b, uniq_nikola
Snake:4:  johnstein_snake_rune_scales, layout_basic, uniq_saint_roka
Slime:1:  layout_caves
Slime:2:  cheibrodos_slime_lost_civilization_8, layout_caves
Slime:3:  layout_caves
Slime:4:  layout_caves
Slime:5
Orc:1:    layout_caves, serial_shops, shop, mines_bat_river
Orc:2:    grunt_orc_cross, layout_diamond_mine, serial_shops,
          nicolae_shop_real_fake_doors, basic_altar, uniq_azrael
Elf:1:    eino_elf_arrival_customs, layout_geoelf_grid,
          infiniplex_enter_wizlab_glasses, minmay_elf_demonology,
          minmay_misc_feat_diagonals, minmay_shop_star
Elf:2:    elven_hall_of_blades_hangedman_original [nicolae_blade_little_rooms],
          layout_geoelf_octagon
Elf:3:    nooodl_elf_gasket, layout_geoelf_castle, lemuel_flamethrower_3
Vaults:1: nicolae_vaults_little_squares_3, nicolae_vaults_surprise_closet,
          hangedman_vaults_hat, v_misc_11, nicolae_vaults_tetromino_Z_1,
          grunt_vaults_swirl, nicolae_vaults_rhombus_7,
          nicolae_vaults_windows_and_doors_thing, nicolae_vaults_library_corner,
          layout_vaults_big_room, uniq_aizul
Vaults:2: portal_desolation_entry_garden, nicolae_vaults_turnstiles,
          vaults_room_grid, nicolae_vaults_more_shelving_1,
          nicolae_vaults_frosty_reception, nicolae_vaults_sesquioval_fish,
          nicolae_vaults_trapezoid_lopsided_4, nicolae_vaults_sesquioval_fish,
          nicolae_vaults_three_branches, layout_vaults_omnigrid,
          minmay_crypt_entry_simple_box, serial_shops,
          nicolae_shop_advertising_works [nicolae_subvault_shop_adworks], shop,
          shop, shop
Vaults:3: hangedman_vaults_trim, hangedman_vaults_maws, v_pattern_2, v_misc_23,
          nicolae_vaults_security_offices_2, v_alt_pattern_2,
          nicolae_vaults_offset_grid_hallway_1, nicolae_vaults_network_star,
          nicolae_vaults_little_squares_1, nicolae_vaults_door_testing_chamber,
          layout_vaults_ring
Vaults:4: v_misc_15, nicolae_vaults_surprise_closet, vaults_room_pools,
          hangedman_vaults_nodes, nicolae_vaults_puzzle_piece,
          nicolae_vaults_heart-shaped_vault, hangedman_vaults_stagger,
          serial_ice_h, nicolae_vaults_trapezoid_lopsided_1,
          nicolae_vaults_cornered_office, v_alt_pattern_1,
          layout_vaults_maze_bifur, serial_shops, shop,
          serial_hangedman_research, hangedman_research_thanatology,
          hangedman_research_quantum, hangedman_research_geology
Vaults:5: uniq_margery
Crypt:1:  layout_chaotic_city, grunt_megastairs_2
Crypt:2:  cheibrodos_crypt_cold_storage, layout_catacombs,
          gammafunk_ghost_necromancy, minmay_misc_feat_columns, uniq_donald
Crypt:3:  due_elkab, layout_chaotic_city
Depths:1: layout_cave_shapes, gammafunk_ghost_ooze, abyss_entry,
          hangedman_geh_valley, nicolae_lava_and_water, zin_angel,
          uniq_enchantress
Depths:2: kennysheep_bubbly, layout_gridlike, enter_ziggurat_d,
          grunt_mini_vestibule, cheibrodos_ashenzari_chains,
          rand_demon_pan_entry_9, dk_noncrumbling_4, minmay_staircase_bubble,
          uniq_grunn, uniq_asterion
Depths:3: kennysheep_oblong_rooms, layout_gridlike, rand_demon_pan_entry_7,
          nicolae_elyvilon_peaceful_grove, hell_entry, abyss_entry, uniq_xtahua
Depths:4: grunt_zot_entry_hairpin, layout_basic, hellmouth_3, abyss_entry,
          grunt_decor_arrowhead, guppyfry_shop_venom, minmay_shop_grove
Hell
Zot:1:    layout_gridlike, lemuel_lich_library
Zot:2:    layout_gridlike, st_stairs_2, grunt_ministairs_7
Zot:3:    layout_basic
Zot:4:    dreamdust_black_sun_cult, layout_gridlike
Zot:5:    layout_gridlike, lemuel_flame_loot_1

Skill      XL: |  1  2  3  4  5  6  7  8  9 10 11 12 13 14 15 16 17 18 19 20 21 22 23 24 25 26 27 |
---------------+----------------------------------------------------------------------------------+-----
Long Blades    | 2 3 4 5 7 8 9 11 13 14 | 14.0
Dodging        | 1 2 3 5 6 8 9 11 12 13 15 18 | 18.0
Shields        | 4 5 6 7 8 9 10 12 13 15 | 15.0
Fighting       | 4 5 6 7 8 9 10 12 13 15 17 19 20 21 24 | 24.3
Armour         | 4 5 6 7 8 9 10 12 15 | 15.0
Spellcasting   | 5 9 12 14 15 16 18 20 21 23 27 | 27.0
Evocations     | 5 10 | 10.0
Stealth        | 5 |  5.0

Action                     |  1- 3 |  4- 6 |  7- 9 | 10-12 | 13-15 | 16-18 | 19-21 | 22-24 | 25-27 || total
---------------------------+-------+-------+-------+-------+-------+-------+-------+-------+-------++-------
  Melee: Long sword        |    29 |       |       |   317 |   908 |   899 |   181 |       |       ||  2334
         Dagger            |    66 |    87 |   179 |   334 |    15 |       |       |       |       ||   681
         Pseudopods        |       |       |       |   129 |   303 |   143 |       |    80 |    44 ||   699
         Headbutt          |       |       |       |    62 |   298 |   352 |   189 |    11 |       ||   912
         Bite              |       |       |       |       |   140 |   178 |   113 |     4 |       ||   435
         Scimitar          |       |       |       |       |       |   216 |   293 |       |       ||   509
         Pair of quick bla |       |       |       |       |       |       |   100 |       |       ||   100
         Triple sword      |       |       |       |       |       |       |    27 |    62 |       ||    89
         Punch             |       |       |       |       |       |       |     1 |       |       ||     1
         Demon blade       |       |       |       |       |       |       |       |   196 |   644 ||   840
  Throw: Stone             |    24 |     5 |       |    17 |    42 |       |       |       |       ||    88
         Dart              |    32 |     6 |    32 |    21 |    59 |     4 |       |     3 |       ||   157
         Throwing net      |       |       |       |       |       |       |     1 |       |     1 ||     2
         Javelin           |       |       |       |       |       |       |       |       |     1 ||     1
   Cast: Sting             |       |       |       |       |    58 |   173 |     2 |       |       ||   233
         Arcjolt           |       |       |       |       |       |    54 |    72 |    22 |     9 ||   157
         Frozen Ramparts   |       |       |       |       |       |     4 |    23 |       |     3 ||    30
         Summon Cactus Gia |       |       |       |       |       |     3 |     7 |     7 |    36 ||    53
         Call Imp          |       |       |       |       |       |     1 |     1 |     2 |     1 ||     5
         Plasma Beam       |       |       |       |       |       |       |   230 |   390 |   576 ||  1196
         Spellforged Servi |       |       |       |       |       |       |    15 |    59 |   103 ||   177
         Disjunction       |       |       |       |       |       |       |       |     1 |     1 ||     2
         Dragon's Call     |       |       |       |       |       |       |       |       |     5 ||     5
         Enfeeble          |       |       |       |       |       |       |       |       |     5 ||     5
         Polar Vortex      |       |       |       |       |       |       |       |       |     4 ||     4
 Invoke: Oozemancy         |       |       |     5 |     5 |     1 |     8 |     3 |       |       ||    22
         Slimify           |       |       |       |       |       |     1 |       |       |       ||     1
Ability: Evoke Blink       |       |       |       |       |       |     1 |       |       |     1 ||     2
  Evoke: Wand              |       |       |       |    23 |    15 |    19 |     9 |     1 |    42 ||   109
         Phantom mirror    |       |       |       |       |     2 |     2 |     1 |     1 |     4 ||    10
         Condenser vane    |       |       |       |       |     1 |     3 |     2 |     1 |     4 ||    11
         Phial of floods   |       |       |       |       |       |     3 |       |       |       ||     3
         Lightning rod     |       |       |       |       |       |     4 |    11 |     4 |    13 ||    32
         Box of beasts     |       |       |       |       |       |       |       |     1 |     5 ||     6
         Horn of Geryon    |       |       |       |       |       |       |       |       |     3 ||     3
    Use: Scroll            |     9 |       |     2 |    13 |     4 |     4 |    13 |    13 |    15 ||    73
         Potion            |       |       |       |     1 |     2 |     1 |     8 |     1 |    19 ||    32
   Stab: Paralysed         |       |       |       |     7 |     7 |       |       |       |       ||    14
         Sleeping          |       |       |       |     1 |       |       |       |       |     2 ||     3
         Petrified         |       |       |       |     7 |       |       |       |       |       ||     7
         Distracted        |       |       |       |       |       |       |     2 |     3 |    18 ||    23
         Confused          |       |       |       |       |       |       |       |       |     1 ||     1
 Armour: Scale mail        |    38 |    27 |    84 |   112 |       |       |       |       |       ||   261
         Chain mail        |       |       |       |    41 |    99 |       |       |       |       ||   140
         Ring mail         |       |       |       |       |    84 |   234 |   216 |    95 |   153 ||   782
  Dodge: Dodged            |    33 |    30 |    97 |   362 |   454 |   758 |   544 |   278 |   581 ||  3137
  Block: Buckler           |    17 |    13 |    63 |   162 |       |       |       |       |       ||   255
         Kite shield       |       |       |       |   155 |   852 |  1069 |   428 |   230 |   669 ||  3403
         Reflection        |       |       |       |       |     1 |    93 |    36 |       |       ||   130

Table legend: (Time is in decaauts)
 A = Elapsed time spent in this place.
 B = Non-inter-level travel time spent in this place.
 C = Inter-level travel time spent in this place.
 D = Time resting spent in this place.
 E = Time spent auto-exploring this place.
 F = Levels seen in this place.
 G = Mean time per level.
                   A        B        C        D        E       F      G
               +--------+--------+--------+--------+--------+-----+--------+
         Total |  54899 |  46247 |   8652 |   2778 |  27164 |  62 |  885.5 |
       Dungeon |  13903 |  11520 |   2383 |    264 |   8162 |  15 |  926.9 |
          Lair |   4568 |   4052 |    516 |      0 |   2520 |   5 |  913.6 |
         Swamp |   2303 |   2179 |    124 |    134 |   1266 |   4 |  575.8 |
     Snake Pit |   3603 |   3225 |    378 |    103 |   1802 |   4 |  900.8 |
    Slime Pits |    237 |    152 |     85 |      0 |     66 |   5 |   47.4 |
  Orcish Mines |   1761 |   1365 |    396 |      0 |    883 |   2 |  880.5 |
   Elven Halls |   4509 |   3706 |    803 |    761 |   1698 |   3 | 1503.0 |
        Vaults |   5727 |   4630 |   1097 |    211 |   2650 |   5 | 1145.4 |
         Crypt |   3186 |   2862 |    324 |     53 |   1837 |   3 | 1062.0 |
        Depths |   5493 |   4221 |   1272 |    308 |   2680 |   4 | 1373.2 |
          Hell |    428 |    423 |      5 |      0 |    286 |   1 |  428.0 |
           Zot |   6601 |   5335 |   1266 |    665 |   2968 |   5 | 1320.2 |
         Sewer |    283 |    283 |      0 |      0 |      1 |   1 |  283.0 |
       Ossuary |    215 |    215 |      0 |      0 |     10 |   1 |  215.0 |
      Ice Cave |    301 |    301 |      0 |      0 |     15 |   1 |  301.0 |
        Wizlab |    601 |    601 |      0 |     10 |    131 |   1 |  601.0 |
    Desolation |    949 |    949 |      0 |    264 |    189 |   1 |  949.0 |
      Gauntlet |    223 |    223 |      0 |      2 |      0 |   1 |  223.0 |
               +--------+--------+--------+--------+--------+-----+--------+

Top non-repeatable levels by time:
   Elf:3: 2105 daAuts
Depths:4: 1848 daAuts
   Zot:5: 1478 daAuts
Vaults:2: 1431 daAuts
   Zot:3: 1427 daAuts
Depths:2: 1406 daAuts
   Elf:1: 1335 daAuts
   Zot:4: 1308 daAuts
  Lair:3: 1296 daAuts
  Lair:5: 1283 daAuts
   Orc:2: 1254 daAuts
 Crypt:2: 1224 daAuts
   Zot:2: 1198 daAuts
 Crypt:3: 1194 daAuts
   Zot:1: 1189 daAuts

Table legend:
 A = Kills in this place as a percentage of kills in the entire game.
 B = Kills by you in this place as a percentage of kills by you in the entire game.
 C = Kills by friends in this place as a percentage of kills by friends in the entire game.
 D = Other kills in this place as a percentage of other kills in the entire game.
 E = Experience gained in this place as a percentage of experience gained in the entire game.
 F = Experience gained in this place divided by the number of levels of this place that you have seen.
                   A       B       C       D       E      F
               +-------+-------+-------+-------+-------+----------------------
         Total | 100.0 | 100.0 | 100.0 | 100.0 | 100.0 | 26674.5
       Dungeon |  16.0 |  19.4 |   1.3 |  11.5 |   5.3 | 5815.7
          Lair |   8.1 |   9.8 |   0.4 |   7.7 |   4.1 | 13717.0
         Swamp |   5.3 |   6.3 |   0.4 |  15.4 |   4.6 | 19125.8
     Snake Pit |   8.8 |  10.6 |   0.7 |  11.5 |   7.2 | 29571.5
  Orcish Mines |   5.0 |   6.1 |   0.2 |   0.0 |   1.1 | 8877.0
   Elven Halls |   6.3 |   5.9 |   7.6 |  11.5 |   7.2 | 39921.0
        Vaults |  13.7 |  10.8 |  26.4 |  11.5 |  17.2 | 56898.6
         Crypt |   7.2 |   6.1 |  12.7 |   0.0 |   8.0 | 44239.7
        Depths |   8.2 |   6.0 |  17.5 |  15.4 |  11.7 | 48320.5
          Hell |   2.5 |   1.5 |   7.0 |   0.0 |   3.0 | 49710.0
           Zot |  12.2 |  10.4 |  20.7 |   7.7 |  26.3 | 87003.6
         Sewer |   0.7 |   0.9 |   0.0 |   0.0 |   0.0 | 548.0
       Ossuary |   0.5 |   0.6 |   0.0 |   0.0 |   0.0 | 104.0
      Ice Cave |   1.0 |   1.3 |   0.0 |   0.0 |   0.4 | 6720.0
        Wizlab |   1.6 |   1.8 |   0.2 |   3.8 |   1.6 | 26695.0
    Desolation |   2.4 |   1.8 |   4.6 |   3.8 |   1.9 | 31485.0
      Gauntlet |   0.5 |   0.5 |   0.2 |   0.0 |   0.3 | 4922.0
               +-------+-------+-------+-------+-------+----------------------

Levels and vault maps discovered:
D:1:      amcnicky_arrival_gap_in_the_tavern_cellar, layout_loops_corners
D:2:      layout_basic, basic_altar, ebering_ecumenical_altar_ruins
D:3:      layout_loops_corners
D:4:      layout_loops_ring, cheibrodos_sewer_entry_drain, uniq_menkaure
D:5:      layout_basic, lemuel_round_altar, minmay_temple_entry_statues_pillars,
          abandoned_shop
D:6:      layout_gridville, mainiacjoe_overflow_24_doors, serial_shops, shop
D:7:      layout_loops_cross, led_sif_pool, minmay_fractal_squares_5
D:8:      lemuel_castle_with_subvaults [lemuel_castle_interior_original],
          layout_rooms, overflow_temple_1_default, enter_ossuary_4,
          serial_shops, shop
D:9:      layout_basic, okawaru_humans, gammafunk_temple_overflow_forgotten,
          hellmonk_lair_entry_icy, uniq_maurice
D:10:     layout_loops_ring, grunt_temple_overflow_open,
          gammafunk_ghost_abyssal_escape, uniq_grum
D:11:     layout_loops_cross, portal_ice_cave_rime,
          gammafunk_ghost_berserking_beasts, kennysheep_generic_room_16
D:12:     layout_basic, david_orc_3, vehumet_statue
D:13:     layout_rooms, lightli_vaults_fourway_checkpoint,
          gammafunk_ghost_mausoleum
D:14:     minmay_twisted_water, layout_rooms, uniq_lodul
D:15:     hangedman_depths_entry_civil_slaughter, layout_gridville,
          kennysheep_pointless_box, uniq_jorgrun
Lair:1:   gammafunk_boulding_lane, layout_small_grid
Lair:2:   layout_misc_corridors, skrybe_swamp_entry_bodies,
          gauntlet_entry_generic, nicolae_quartered_pool_impasse,
          infiniplex_staircase_pool, uniq_amaemon
Lair:3:   gammafunk_lair_enchanted_lake, layout_gridlike,
          nicolae_snake_entry_warm_welcome, basic_altar,
          dreamdust_gnoll_shepherd, lemuel_fruit_tree, uniq_nessos
Lair:4:   layout_cave_shapes, minmay_slime_entry_eyes
Lair:5:   hellmonk_lair_end_abyssal_woods, layout_regular_city
Swamp:1:  layout_falls_marsh, nicolae_swamp_fairy_circle, swamp_pool5,
          nicolae_swamp_little_swirl
Swamp:2:  layout_basic_swamp, gammafunk_ghost_hydra_chop,
          evilmike_swamp_ruin_house_4, uniq_mlioglotl
Swamp:3:  layout_basic_swamp, evilmike_swamp_ruin_house_2, uniq_bai_suzhen
Swamp:4:  swamp, layout_basic_swamp
Snake:1:  layout_grid_maze, drop_trap, grunt_ministairs_1, guppyfry_library_mini
Snake:2:  nicolae_sea_snake_s, layout_misc_corridors
Snake:3:  layout_cave_town, serial_bayou_lagoon_a,
          hangedman_snake_wide_pillar_pass, serial_bayou_lagoon_b, uniq_nikola
Snake:4:  johnstein_snake_rune_scales, layout_basic, uniq_saint_roka
Slime:1:  layout_caves
Slime:2:  cheibrodos_slime_lost_civilization_8, layout_caves
Slime:3:  layout_caves
Slime:4:  layout_caves
Slime:5
Orc:1:    layout_caves, serial_shops, shop, mines_bat_river
Orc:2:    grunt_orc_cross, layout_diamond_mine, serial_shops,
          nicolae_shop_real_fake_doors, basic_altar, uniq_azrael
Elf:1:    eino_elf_arrival_customs, layout_geoelf_grid,
          infiniplex_enter_wizlab_glasses, minmay_elf_demonology,
          minmay_misc_feat_diagonals, minmay_shop_star
Elf:2:    elven_hall_of_blades_hangedman_original [nicolae_blade_little_rooms],
          layout_geoelf_octagon
Elf:3:    nooodl_elf_gasket, layout_geoelf_castle, lemuel_flamethrower_3
Vaults:1: nicolae_vaults_little_squares_3, nicolae_vaults_surprise_closet,
          hangedman_vaults_hat, v_misc_11, nicolae_vaults_tetromino_Z_1,
          grunt_vaults_swirl, nicolae_vaults_rhombus_7,
          nicolae_vaults_windows_and_doors_thing, nicolae_vaults_library_corner,
          layout_vaults_big_room, uniq_aizul
Vaults:2: portal_desolation_entry_garden, nicolae_vaults_turnstiles,
          vaults_room_grid, nicolae_vaults_more_shelving_1,
          nicolae_vaults_frosty_reception, nicolae_vaults_sesquioval_fish,
          nicolae_vaults_trapezoid_lopsided_4, nicolae_vaults_sesquioval_fish,
          nicolae_vaults_three_branches, layout_vaults_omnigrid,
          minmay_crypt_entry_simple_box, serial_shops,
          nicolae_shop_advertising_works [nicolae_subvault_shop_adworks], shop,
          shop, shop
Vaults:3: hangedman_vaults_trim, hangedman_vaults_maws, v_pattern_2, v_misc_23,
          nicolae_vaults_security_offices_2, v_alt_pattern_2,
          nicolae_vaults_offset_grid_hallway_1, nicolae_vaults_network_star,
          nicolae_vaults_little_squares_1, nicolae_vaults_door_testing_chamber,
          layout_vaults_ring
Vaults:4: v_misc_15, nicolae_vaults_surprise_closet, vaults_room_pools,
          hangedman_vaults_nodes, nicolae_vaults_puzzle_piece,
          nicolae_vaults_heart-shaped_vault, hangedman_vaults_stagger,
          serial_ice_h, nicolae_vaults_trapezoid_lopsided_1,
          nicolae_vaults_cornered_office, v_alt_pattern_1,
          layout_vaults_maze_bifur, serial_shops, shop,
          serial_hangedman_research, hangedman_research_thanatology,
          hangedman_research_quantum, hangedman_research_geology
Vaults:5: uniq_margery
Crypt:1:  layout_chaotic_city, grunt_megastairs_2
Crypt:2:  cheibrodos_crypt_cold_storage, layout_catacombs,
          gammafunk_ghost_necromancy, minmay_misc_feat_columns, uniq_donald
Crypt:3:  due_elkab, layout_chaotic_city
Depths:1: layout_cave_shapes, gammafunk_ghost_ooze, abyss_entry,
          hangedman_geh_valley, nicolae_lava_and_water, zin_angel,
          uniq_enchantress
Depths:2: kennysheep_bubbly, layout_gridlike, enter_ziggurat_d,
          grunt_mini_vestibule, cheibrodos_ashenzari_chains,
          rand_demon_pan_entry_9, dk_noncrumbling_4, minmay_staircase_bubble,
          uniq_grunn, uniq_asterion
Depths:3: kennysheep_oblong_rooms, layout_gridlike, rand_demon_pan_entry_7,
          nicolae_elyvilon_peaceful_grove, hell_entry, abyss_entry, uniq_xtahua
Depths:4: grunt_zot_entry_hairpin, layout_basic, hellmouth_3, abyss_entry,
          grunt_decor_arrowhead, guppyfry_shop_venom, minmay_shop_grove
Hell
Zot:1:    layout_gridlike, lemuel_lich_library
Zot:2:    layout_gridlike, st_stairs_2, grunt_ministairs_7
Zot:3:    layout_basic
Zot:4:    dreamdust_black_sun_cult, layout_gridlike
Zot:5:    layout_gridlike, lemuel_flame_loot_1
